 Dungeon Crawl Stone Soup version 0.29.1-15-g9cfb28693d (webtiles) character file.

Game seed: 4713282161880180014

165479083 Sapher the Archmage (level 27, 273/273 HPs)
             Began as a Meteoran Earth Elementalist on Aug 12, 2023.
             Was the Champion of Kikubaaqudgha.
             Escaped with the Orb
             ... and 15 runes on Aug 13, 2023!
             The game lasted 10:21:11 (8567 turns).

Sapher the Archmage (Meteoran Earth Elementalist)   Turns: 8567, Time: 10:21:12

Health: 273/273    AC: 24    Str: 19    XL:     27
Magic:  74/74      EV: 24    Int: 40    God:    Kikubaaqudgha [******]
Gold:   3149       SH:  8    Dex: 16    Spells: 3/80 levels left

rFire   + + +      SeeInvis +   q - +3 Elemental Staff {rElec rF++ rC++ AC+5}
rCold   + + +      Faith    .   E - +3 warlock's mirror {reflect}
rNeg    + . .      Spirit   .   d - +3 leather armour {Will+}
rPois   +          Reflect  +   o - +3 hat of Pondering {ponderous, Will+ MP+10 Int+5}
rElec   +          Harm     .   f - +2 cloak of the Yeti {Str+4 Int+5}
rCorr   +          Rampage  .   (no gloves)
Will    +++++                   x - +2 pair of boots {Fly}
Stlth   +.........              H - amulet "Boahuene" {rPois Regen+ rCorr SInv}
HPRegen 1.35/turn               n - ring "Uledwos" {rF+ rC+ rN+ AC+4 Str+3}
MPRegen 0.44/turn               M - ring of magical power

@: flying, glowing, slow
A: sense surroundings 3, otherworldly, glowing, explore regen, deterioration 1,
wild magic 1, noise suppression
0: Orb of Zot
}: 15/15 runes: decaying, slimy, silver, golden, iron, obsidian, icy, bone,
abyssal, demonic, glowing, magical, fiery, dark, gossamer
a: Renounce Religion, Unearth Wretches, Torment


You escaped.
You worshipped Kikubaaqudgha.
Kikubaaqudgha was exalted by your worship.
You visited 16 branches of the dungeon, and saw 81 of its levels.
You visited Pandemonium 3 times, and saw 17 of its levels.
You visited the Abyss 1 time.
You visited 1 bazaar.
You visited 1 ziggurat, and saw 19 of its levels.
You also visited: Bailey.

You collected 3185 gold pieces.
You spent 36 gold pieces at shops.

Inventory:

Hand Weapons
 q - the +3 Elemental Staff (weapon) {rElec rF++ rC++ AC+5}
   (You took it off a deep elf pyromancer on level 10 of the Dungeon)

   If the wielder is skilled in Evocations, they can discharge powerful blasts
   of elemental energy when striking with it.
   It enhances your fire, ice, earth and air magic.
   AC:        It affects your AC (+5).
   rF:        It greatly protects you from fire.
   rC:        It greatly protects you from cold.
   rElec:     It insulates you from electricity.
 u - a +3 demon trident of distortion
Missiles
 g - 14 boomerangs (quivered)
 s - 2 curare-tipped darts
Armour
 d - a +3 leather armour of willpower (worn)
 f - the +2 cloak of the Yeti (worn) {Str+4 Int+5}
   (You found it on level 3 of the Spider Nest)

   Str:       It affects your strength (+4).
   Int:       It affects your intelligence (+5).
 o - the +3 hat of Pondering (worn) {ponderous, Will+ MP+10 Int+5}
   (You took it off Gastronok on level 10 of the Dungeon)

   Int:       It affects your intelligence (+5).
   MP:        It affects your magic capacity (+10).
   Will:      It increases your willpower.
 x - a +2 pair of boots of flying (worn)
 E - the +3 warlock's mirror (worn) {reflect}
   (You found it on level 14 of a ziggurat)

   It can block and reflect piercing ranged attacks and magical attacks against
   the wielder's willpower.
Jewellery
 e - the ring of the Ego {Ice Contam rPois Will- Int+10}
   (You took it off Josephina on level 4 of the Depths)

   [ring of ice]

   It enhances your ice magic.
   Int:       It affects your intelligence (+10).
   rF:        It makes you vulnerable to fire.
   rC:        It protects you from cold.
   rPois:     It protects you from poison.
   Contam:    It causes magical contamination when unequipped.
   Will:      It decreases your willpower.
 n - the ring "Uledwos" (left hand) {rF+ rC+ rN+ AC+4 Str+3}
   (You acquired it on level 14 of the Dungeon)

   [ring of protection]

   AC:        It affects your AC (+4).
   Str:       It affects your strength (+3).
   rF:        It protects you from fire.
   rC:        It protects you from cold.
   rN:        It protects you from negative energy.
 H - the amulet "Boahuene" (around neck) {rPois Regen+ rCorr SInv}
   (You acquired it on level 17 of a ziggurat)

   [amulet of regeneration]

   rPois:     It protects you from poison.
   SInv:      It lets you see invisible.
   Regen:     It increases your rate of health regeneration.
   rCorr:     It protects you from acid and corrosion.
 I - the ring "Uhonis" {rF+ Will++ rCorr Str-2 Int+6}
   (You found it on level 17 of a ziggurat)

   [ring of protection from fire]

   Str:       It affects your strength (-2).
   Int:       It affects your intelligence (+6).
   rF:        It protects you from fire.
   rCorr:     It protects you from acid and corrosion.
   Will:      It greatly increases your willpower.
 M - a ring of magical power (right hand)
Wands
 j - a wand of acid (1)
 t - a wand of paralysis (4)
Scrolls
 c - a scroll of fear
 i - 8 scrolls of teleportation
 l - 4 scrolls of immolation
 v - 3 scrolls of amnesia
Potions
 b - a potion of magic
 m - 8 potions of mutation
 p - 5 potions of heal wounds
 w - a potion of curing
 D - 4 potions of cancellation
Miscellaneous
 h - a box of beasts
 y - a condenser vane


   Skills:
 O Level 27 Fighting
 - Level 16.3 Throwing
 + Level 21.8 Dodging
 - Level 1.4 Stealth
 - Level 5.0 Shields
 - Level 10.0 Unarmed Combat
 O Level 27 Spellcasting
 - Level 18.8 Conjurations
 - Level 21.0 Necromancy
 - Level 12.0 Translocations
 - Level 12.0 Transmutations
 - Level 19.1 Fire Magic
 - Level 11.0 Ice Magic
 - Level 18.0 Earth Magic
 - Level 4.9 Evocations


You had 3 spell levels left.
You knew the following spells:

 Your Spells              Type           Power      Damage    Failure   Level
a - Passwall              Tmut/Erth      100%       N/A       1%          2
b - Borgnjor's Vile Clut  Necr/Erth      80%        N/A       1%          5
d - Death Channel         Necr           68%        N/A       1%          6
i - Irradiate             Conj/Tmut      62%        3d32      1%          5
l - Lehudib's Crystal Sp  Conj/Erth      78%        10d18     3%          8
n - Ignition              Fire           79%        3d21      2%          8
p - Apportation           Tloc           100%       N/A       1%          1
s - Simulacrum            Ice/Necr       75%        N/A       1%          6
z - Passage of Golubria   Tloc           100%       N/A       1%          4
B - Borgnjor's Revivific  Necr           68%        N/A       1%          8
I - Statue Form           Tmut/Erth      98%        N/A       1%          6
K - Blink                 Tloc           100%       N/A       1%          2
Y - Necromutation         Tmut/Necr      63%        N/A       6%          8
Z - Infestation           Necr           68%        N/A       1%          8

Your spell library contained the following spells:

 Spells                   Type           Power      Damage    Failure   Level
 Necrotise                Necr           100%       1d9       1%          1
 Sandblast                Erth           100%       2d20      1%          1
 Summon Small Mammal      Summ           100%       N/A       1%          1
 Lesser Beckoning         Tloc           100%       N/A       1%          3
 Stone Arrow              Conj/Erth      100%       3d13      1%          3
 Vampiric Draining        Necr           100%       2d13      1%          3
 Anguish                  Hex/Necr       54%        N/A       1%          4
 Animate Dead             Necr           100%       N/A       1%          4
 Corpse Rot               Necr/Pois/Air  100%       N/A       1%          4
 Dispel Undead            Necr           100%       3d31      1%          4
 Leda's Liquefaction      Hex/Erth       64%        N/A       1%          4
 Petrify                  Tmut/Erth      100%       N/A       1%          4
 Agony                    Necr           100%       N/A       1%          5
 Blade Hands              Tmut           57%        N/A       1%          5
 Lee's Rapid Deconstruct  Erth           78%        3d36*     1%          5
 Manifold Assault         Tloc           100%       N/A       1%          5
 Dispersal                Tloc           57%        N/A       1%          6
 Dragon Form              Tmut           57%        N/A       5%          7
 Ozocubu's Refrigeration  Ice            67%        4d22      7%          7
 Olgreb's Toxic Radiance  Pois           63%        N/A       8%          4
 Haunt                    Necr/Summ      54%        N/A       9%          7
 Death's Door             Necr           68%        N/A       13%         9
 Silence                  Hex/Air        40%        N/A       19%         5


Dungeon Overview and Level Annotations

Branches:
Dungeon (15/15)            Temple (1/1) D:4            Lair (4/5) D:8
  Swamp (4/4) Lair:3       Spider (4/4) Lair:3        Slime (5/5) Lair:4
    Orc (0/2) D:10         Vaults (5/5) D:14          Crypt (3/3) Vaults:2
   Tomb (3/3) Crypt:3      Depths (4/4) D:15           Hell (visited)
    Dis (7/7) Hell            Geh (7/7) Hell            Coc (7/7) Hell
    Tar (7/7) Hell            Zot (5/5) Depths:4     Bailey (visited)

Altars:
Kikubaaqudgha
Nemelex Xobeh
Trog
Wu Jian
Xom
Zin
Jiyva

Shops:
D:14 *

Portals:
Hell: Depths:4
Pandemonium: Depths:2

Annotations:
D:4 1 runed translucent door, Sapher's ghost, weakling MeEE
D:11 3 runed translucent doors, FoCKShaftsOnD1's ghost, journeyman MeEE
Lair:1 3 runed translucent doors, Fartwhistle's ghost, journeyman OpTm
Spider:2 Aizul
Geh:5 9 runed translucent doors
Coc:7 exclusion: ice statue, Antaeus


Innate Abilities, Weirdness & Mutations

You passively map a large area around you.
You are easily found by Zot.
You glow in the dark.
You regain HP and MP as you explore.
Your body sometimes deteriorates upon taking damage.
Your spells are a little harder to cast, but a little more powerful.
You passively dampen the noise of your surroundings.


Message History

This square is covered in magical glow.
Okay, then.
Press: ? - help, v - describe, . - travel A faded altar of an unknown god.
Casting: Passwall (safe; 1% risk of failure)
Confirm with . or Enter, or press ? or * to list all spells.
Aiming: Passwall (safe; 1% risk of failure)
Press: ? - help, Dir - move target A rock wall.
This square is covered in magical glow.
You feel a surge of power!
You begin to meditate on the wall.
You continue meditating on the rock.
The bat closely misses you.
You continue meditating on the rock.
You block the bat's attack.
You continue meditating on the rock.
You block the bat's attack.
You finish merging with the rock.
Casting: Passwall (safe; 1% risk of failure)
Confirm with . or Enter, or press ? or * to list all spells.
Aiming: Passwall (safe; 1% risk of failure)
Press: ? - help, Dir - move target A rock wall.
This square is covered in magical glow.
You feel a surge of power!
You begin to meditate on the wall.
You continue meditating on the rock.
The bat hits you but does no damage.
You continue meditating on the rock.
The bat closely misses you.
You finish merging with the rock.
Blink to where?
Press: ? - help, Dir - move target
As you read the scroll of blinking, it crumbles to dust.
There is a large open door here.
Blink to where?
Press: ? - help, Dir - move target
As you read the scroll of blinking, it crumbles to dust.
Unknown command.
Unknown command.
You have escaped!

* , , , **** *
, , , , ,, ,* *
* * * ~ ~ ~ ~ ,
, ,, *
##############
~, ,
#......@.....#
,, *
######''######
~ ,
,#............#
,, * *,
,#≈§§§≈..≈≈≈≈≈#
, *~
#≈§§≈≈..≈§≈≈§#
~ , , ~
#..§§......§.#,
, ,
######''######
~, * ,
#~~~~~..~~~~~#
, , *
#~..........~#
~ , ,* *


There were no monsters in sight!

Vanquished Creatures
  the Serpent of Hell (Geh:7)
  Mnoleg (Pan)
  Lom Lobon (Pan)
  2 dread liches
  4 orbs of fire
  A juggernaut (Zig:6)
  2 Killer Klowns
  Boris (Vaults:2)
  Josephina (Depths:4)
  5 shard shrikes
  3 royal mummies (Zig:14)
  8 caustic shrikes
  3 golden dragons
  A profane servitor (Tar:7)
  2 bone dragons
  An electric golem (Zot:5)
  4 iron giants
  6 pearl dragons (Zig:17)
  6 hellephants
  5 Brimstone Fiends
  2 tentacled monstrosities
  5 Tzitzimimeh
  7 searing wretches
  6 Hell Sentinels
  12 Ice Fiends
  4 Orb Guardians
  2 titans
  2 quicksilver dragons
  5 Executioners
  2 tentacled starspawn (Zig:13)
  3 pandemonium lords (Pan)
  4 shadow dragons
  A sphinx (Vaults:5)
  5 ancient champions
  2 sphinxes (shapeshifter) (Zig:15)
  A tengu reaver (Vaults:5)
  A daeva (Zig:17)
  5 storm dragons
  An azure jelly (shapeshifter) (Zig:15)
  5 nagarajas (Zig:18)
  3 narguns
  5 draconian monks
  A fenstrider witch (Swamp:2)
  11 draconian knights
  3 revenants
  An iron dragon (Dis:7)
  4 quicksilver elementals
  2 vault wardens
  2 frost giants
  6 draconian scorchers
  Louise (Spider:2)
  7 fire giants
  12 balrugs
  3 cacodemons
  4 shard shrike simulacra
  10 draconian shifters
  5 emperor scorpions (Spider:4)
  A ghost moth (Spider:4)
  2 ironbound preservers
  2 curse skulls
  12 draconian stormcallers
  4 angels
  4 war gargoyles
  7 very ugly things
  5 reapers
  5 stone giants
  6 draconian annihilators
  2 caustic shrike skeletons (Crypt:3)
  A juggernaut skeleton (Crypt:3)
  2 demonspawn corrupters (Pan)
  8 ophanim
  4 vampire knights (Zig:16)
  2 green draconians
  6 apis
  A bennu (Tomb:2)
  2 demonspawn black suns (Pan)
  16 elemental wellsprings
  2 deep elf annihilators
  A bunyip (Swamp:2)
  6 wendigos
  A deep elf demonologist (Vaults:5)
  2 entropy weavers
  A lorocyproca (Pan)
  2 dire elephants (Zig:11)
  3 putrid mouths
  13 white draconians
  6 eidola
  A red draconian (Zot:3)
  6 purple draconians
  7 yellow draconians
  5 black draconians
  3 mummy priests
  2 iron golems
  3 ettins
  4 blizzard demons
  2 spectral spriggans (Tar:6)
  A deep elf death mage (Zig:16)
  A deep elf high priest (Vaults:2)
  A jiangshi (Depths:4)
  A fire dragon (Zig:15)
  2 great orbs of eyes
  A spriggan zombie (Crypt:3)
  2 hell beasts (Geh:2)
  3 caustic shrike simulacra
  A yaktaur captain (Vaults:5)
  A rakshasa (Pan)
  3 salamander tyrants (Geh:7)
  A spriggan skeleton (Pan)
  A quicksilver dragon skeleton (Zig:14)
  An ice dragon (Depths:4)
  17 vault guards
  4 hydras
  5 juggernaut simulacra
  2 catoblepae (Abyss:3)
  An ogre mage (Vaults:5)
  4 stokers
  A radroach (Spider:3)
  A two-headed ogre (Vaults:5)
  4 centaur warriors
  5 death yaks (Lair:4)
  A death knight (D:15)
  A fenstrider witch skeleton (Crypt:1)
  2 dancing weapons (Pan)
  11 death scarabs
  2 naga warriors (Zig:18)
  A deep troll earth mage (Zig:13)
  18 hell hogs
  2 tengu warriors
  2 naga sharpshooters (Zig:18)
  2 shock serpents (Zig:18)
  A thrashing horror (Zig:13)
  3 vampire magi
  3 sun demons
  4 soul eaters
  3 crystal echidnas
  A bunyip zombie (Crypt:3)
  6 shadow wraiths
  5 sixfirhies (Pan)
  12 skeletal warriors
  2 cherubim (Pan)
  2 fire crabs (Zig:10)
  2 quicksilver dragon simulacra
  4 anaconda zombies
  7 orb spiders
  4 spriggan simulacra
  A shadow demon (Hell)
  6 flayed ghosts
  3 deep trolls (Vaults:1)
  2 orange crystal statues
  A golden dragon skeleton (Zig:14)
  5 bog bodies (Lair:3)
  A naga ritualist (Zig:18)
  An obsidian statue (Zig:11)
  An iron giant skeleton (Crypt:3)
  A fenstrider witch simulacrum (Coc:1)
  2 anaconda skeletons
  Pikel (D:6)
  4 ironbound convokers
  An orc knight (Bailey)
  A bunyip skeleton (Crypt:1)
  A deep elf pyromancer (D:10)
  3 necromancers
  A harpy (Tomb:2)
  A tengu zombie (Crypt:1)
  A mana viper (Zig:18)
  3 wolf spiders
  A deep elf zephyrmancer (Vaults:2)
  A phantasmal warrior (D:15)
  9 ugly things
  An orc sorcerer (Zig:6)
  8 moths of wrath
  Maurice (D:11)
  A black mamba (shapeshifter) (Zig:13)
  3 guardian serpents (Zig:18)
  2 centaur zombies
  4 naga magi (Zig:18)
  A rust devil (Depths:2)
  Joseph (D:9)
  A smoke demon (Pan)
  4 black mambas
  3 vault sentinels
  3 ice statues
  4 titan simulacra
  A molten gargoyle (Geh:7)
  2 orange demons (Pan)
  2 storm dragon simulacra
  2 torpor snails (Lair:4)
  6 large abominations
  An unseen horror (Pan)
  5 freezing wraiths
  An efreet (Zig:10)
  A rime drake (Lair:3)
  A centaur skeleton (Crypt:1)
  6 hellions
  2 yaktaurs (Vaults:2)
  A komodo dragon (Lair:2)
  6 anaconda simulacra
  A demonic crawler (Pan)
  3 bunyip simulacra
  3 tormentors
  A tengu conjurer (D:14)
  9 hellwings
  2 catoblepas skeletons (Abyss:3)
  A harpy zombie (Crypt:2)
  An iron giant simulacrum (Coc:5)
  A spectral harpy (Tar:6)
  A golden dragon simulacrum (Coc:1)
  10 guardian mummies
  A red devil (Pan)
  A merfolk (shapeshifter) (Zig:15)
  3 meliai
  A tyrant leech (Swamp:1)
  Prince Ribbit (D:8)
  8 tarantellas
  A sphinx simulacrum (Depths:4)
  A raiju (Pan)
  2 blink frogs (Lair:4)
  A troll (D:14)
  2 stone giant simulacra
  2 harpy skeletons
  3 hydra skeletons (Hell)
  A slime creature (Slime:1)
  An alligator zombie (Hell)
  5 flying skulls
  2 jumping spiders (Spider:4)
  2 culicivoras (Spider:4)
  An ettin skeleton (Crypt:3)
  A wraith (D:11)
  2 starcursed masses (Zig:13)
  21 yaks
  4 wyverns
  4 ushabtiu (Zig:14)
  2 basilisks
  A steam dragon (D:10)
  5 dire elephant simulacra
  An alligator snapping turtle simulacrum (Coc:2)
  A chaos spawn (Pan)
  12 neqoxecs
  6 golden eyes (Pan)
  A vampire mosquito (D:14)
  11 redbacks
  9 harpy simulacra
  An acid dragon (shapeshifter) (D:13)
  3 nagas (Zig:18)
  A water moccasin (Zig:11)
  2 hydra simulacra
  2 swamp worms (Swamp:1)
  A hell hound (Zig:10)
  A sky beast (D:6)
  2 floating eyes
  7 orc warriors
  A merfolk simulacrum (Coc:2)
  4 ettin simulacra
  2 ice beasts
  An ogre (D:6)
  2 centaurs
  3 wolves (Lair:3)
  5 kobold brigands
  An elf zombie (Crypt:2)
  A necrophage (D:6)
  2 bullfrogs
  3 earth elementals (Abyss:3)
  2 naga simulacra
  2 scorpions (D:4)
  4 wights (D:9)
  6 killer bees (D:8)
  3 howler monkeys (D:11)
  2 jellies
  A hound (D:6)
  An orc wizard (D:9)
  A scorpion zombie (D:3)
  23 mummies
  A howler monkey zombie (Crypt:1)
  2 gnolls
  4 adders
  A worm (D:2)
  A dart slug (D:3)
  6 orcs
  3 ball pythons
  6 endoplasms
  2 giant cockroaches
  5 goblins
  6 hobgoblins
  5 jackals (D:1)
  A ball python skeleton (D:3)
  A bat (D:1)
  A giant cockroach zombie (D:3)
  15 kobolds
  A quokka skeleton (D:3)
  3 rats
  A creeping inferno (Geh:7)
  3 starspawn tentacles
977 creatures vanquished.

Vanquished Creatures (collateral kills)
  Asmodeus (Geh:7)
  Gloorx Vloq (Pan)
  the Royal Jelly (Slime:5)
  Ereshkigal (Tar:7)
  Dissolution (Slime:3)
  A seraph (Pan)
  A dread lich (Zot:5)
  7 pandemonium lords
  Dispater (Dis:7)
  An ancient lich (Zig:4)
  3 juggernauts
  11 royal mummies
  4 shard shrikes
  7 Killer Klowns
  13 caustic shrikes
  Geryon (Hell)
  2 profane servitors (Tar:2)
  9 bone dragons
  4 Tzitzimimeh
  5 doom hounds
  4 hellephants
  5 Brimstone Fiends
  4 iron giants
  2 Hell Sentinels (Dis:7)
  2 Ice Fiends (Coc:7)
  6 searing wretches
  17 Orb Guardians (Zot:5)
  5 tentacled monstrosities
  6 tainted leviathans
  8 titans
  9 ancient champions
  14 acid blobs (Slime:5)
  A quicksilver dragon (shapeshifter) (Zig:15)
  A death cob (Zot:2)
  8 Executioners (Pan)
  An eldritch tentacle (Pan)
  A tentacled starspawn (Zig:13)
  9 sphinxes
  Gastronok (D:10)
  Murray (Hell)
  2 shadow dragons
  2 storm dragons
  2 revenants (Tomb:3)
  4 daevas
  A nagaraja (Zig:18)
  9 rockslimes
  6 iron dragons
  2 draconian knights
  2 quicksilver elementals
  11 fire giants
  A demonspawn warmonger (Pan)
  2 narguns (Coc:7)
  5 azure jellies
  An iron dragon (shapeshifter) (Zig:15)
  3 emperor scorpions
  3 orc warlords (Zig:6)
  A draconian scorcher (Zig:5)
  3 curse skulls
  4 frost giants
  2 spectral juggernauts
  4 cacodemons (Pan)
  2 angels (Pan)
  A draconian shifter (Zig:12)
  3 vault wardens
  3 caustic shrike zombies
  3 reapers
  2 quicksilver oozes (Slime:5)
  16 balrugs
  2 ironbound preservers
  2 demonspawn blood saints (Pan)
  2 draconian annihilators (Zig:5)
  3 ophanim (Pan)
  8 very ugly things
  A ghoul (Zig:4)
  A demonspawn corrupter (Pan)
  9 stone giants
  A juggernaut skeleton (Tomb:1)
  3 ironbound thunderhulks (Vaults:2)
  3 apis (Zig:17)
  8 war gargoyles
  2 deep elf demonologists
  3 vampire knights
  2 green draconians
  An entropy weaver (Spider:3)
  2 putrid mouths (Zig:7)
  6 elemental wellsprings
  4 red draconians
  2 wendigos (Coc:7)
  9 bennus
  A demonspawn black sun (Pan)
  5 dire elephants
  3 black draconians
  2 white draconians (Zot:2)
  A bunyip (Swamp:2)
  2 lorocyprocas (Pan)
  A spark wasp (Spider:4)
  2 deep elf annihilators (Pan)
  3 purple draconians
  6 yellow draconians
  4 green deaths
  14 mummy priests
  6 iron golems
  2 jiangshi
  3 ettins
  5 eidola
  4 spectral spriggans
  3 great orbs of eyes
  A deep elf high priest (Pan)
  4 fire dragons
  2 yaktaur captains (Vaults:5)
  A spriggan zombie (Tomb:1)
  11 salamander tyrants
  An elf skeleton (Pan)
  18 vault guards
  A fenstrider witch zombie (Hell)
  A caustic shrike simulacrum (Coc:4)
  A ghost crab (Swamp:4)
  A merfolk javelineer (Depths:1)
  A rakshasa (Pan)
  A jorogumo (Spider:3)
  2 shambling mangroves (Swamp:4)
  An anaconda (Zig:18)
  2 centaur warriors
  An ogre mage (Vaults:5)
  A spriggan air mage (Depths:4)
  14 hydras
  A naga warrior (Zig:18)
  3 spriggan skeletons
  4 two-headed ogres (Vaults:5)
  4 radroaches
  A catoblepas (Zig:8)
  3 juggernaut simulacra
  2 ironbound frosthearts (Vaults:2)
  A dancing weapon (Pan)
  42 death scarabs
  A two-headed ogre (shapeshifter) (Vaults:5)
  11 hell hogs
  3 thrashing horrors (Zig:13)
  4 alligators
  2 vampire magi
  3 titan zombies (Crypt:3)
  2 naga sharpshooters (Zig:18)
  A shock serpent (Zig:18)
  A spectral orc (Crypt:3)
  11 soul eaters
  A storm dragon zombie (Zig:14)
  4 sun demons
  A starcursed mass (Zig:13)
  3 spectral dire elephants
  4 wretched stars (Zig:13)
  A fire crab (Zig:10)
  2 titan skeletons
  4 pharaoh ants
  5 crystal echidnas
  3 shadow wraiths
  12 sixfirhies (Pan)
  5 skeletal warriors
  3 iron trolls (Hell)
  A salamander mystic (Zig:18)
  6 cherubim
  A spriggan rider (Swamp:1)
  An orange crystal statue (Zig:5)
  7 deep trolls
  2 glowing orange brains
  A flayed ghost (Hell)
  A spriggan simulacrum (Crypt:3)
  6 swamp dragons (Swamp:4)
  5 steelbarb worms
  3 orb spiders (Spider:3)
  5 wizards
  2 obsidian statues
  A bog body (Swamp:2)
  An ironbound convoker (Geh:7)
  A shadow dragon zombie (Zig:14)
  A mana viper (Zig:18)
  4 phantasmal warriors
  2 deep elf zephyrmancers (Vaults:2)
  A lindwurm (Zig:8)
  5 wolf spiders
  A manticore (D:15)
  A stone giant zombie (Crypt:2)
  2 cyclopes
  A shadow dragon skeleton (Crypt:3)
  8 ugly things
  3 large abominations (Pan)
  7 shining eyes (Slime:5)
  7 moths of wrath
  6 rust devils (Hell)
  A salamander (Zig:18)
  A spectral alligator snapping turtle (Tar:2)
  An elephant (Zig:11)
  A stone giant skeleton (Tomb:1)
  7 black mambas
  4 vault sentinels
  5 molten gargoyles (Geh:7)
  3 apocalypse crabs (Zig:15)
  2 naga magi
  3 cane toads
  An ice statue (Zig:5)
  A torpor snail (shapeshifter) (Geh:3)
  A dire elephant zombie (Crypt:3)
  14 smoke demons
  A hellion (Geh:7)
  2 demonic crawlers
  A rime drake (Zig:8)
  A komodo dragon (Zig:8)
  3 torpor snails
  5 tormentors
  An orc skeleton (Pan)
  2 yaktaurs
  3 hellwings (Pan)
  An ice devil (Hell)
  A tengu conjurer (Zig:12)
  An efreet (Zig:10)
  An ancient zyme (Zig:13)
  28 guardian mummies
  3 red devils
  A harpy zombie (Crypt:3)
  A sea snake skeleton (Hell)
  A spectral harpy (Crypt:3)
  4 tyrant leeches
  3 meliai
  A slime creature (shapeshifter) (Zig:15)
  3 hornets
  An iron troll skeleton (Crypt:3)
  7 tarantellas
  A blink frog (Zig:8)
  3 harpy skeletons
  33 slime creatures
  A fire dragon zombie (Crypt:3)
  2 dream sheep (Zig:11)
  5 jumping spiders
  5 culicivoras
  21 flying skulls
  A spriggan (Swamp:1)
  2 ynoxinuls (Pan)
  13 ushabtiu
  A water elemental (Depths:1)
  13 yaks
  7 golden eyes
  A sea snake simulacrum (Hell)
  2 chaos spawn (Pan)
  3 neqoxecs (Pan)
  A vampire mosquito (D:14)
  31 redbacks
  2 swamp worms (Swamp:2)
  7 water moccasins
  2 orc warriors (Zig:6)
  10 hell hounds
  7 swamp drakes (Swamp:4)
  2 ogres (Vaults:5)
  4 centaurs (D:13)
  2 wolves (Lair:3)
  5 crimson imps (Pan)
  An orc wizard (Zig:6)
  25 mummies
  An iguana zombie (Crypt:2)
  A creeping inferno (Geh:5)
  2 fire vortices (Geh:5)
  A starspawn tentacle (Zig:13)
1066 creatures vanquished.

Vanquished Creatures (others)
  2 juggernauts (Tar:7)
  3 golden dragons
  A caustic shrike (Dis:7)
  8 acid blobs
  2 tengu reavers
  A nagaraja (Tomb:3)
  7 storm dragons
  2 shadow dragons
  A draconian monk (Tomb:2)
  8 fire giants
  3 azure jellies
  2 deep elf sorcerers
  3 emperor scorpions
  A draconian scorcher (Zig:12)
  7 frost giants
  An angel (Zig:17)
  2 ghost moths
  5 vault wardens
  A cacodemon (Pan)
  A balrug (Pan)
  2 orc warlords
  3 quicksilver oozes
  4 spriggan defenders
  4 iron dragons
  4 ironbound preservers
  A demonspawn corrupter (Pan)
  A broodmother (Crypt:3)
  16 stone giants
  4 black draconians
  A deep elf demonologist (Dis:5)
  3 demonspawn black suns (Pan)
  2 green draconians (Tar:7)
  6 spark wasps
  A purple draconian (Hell)
  A bunyip (Crypt:3)
  A yellow draconian (Dis:2)
  2 deep elf annihilators
  13 ettins
  3 yaktaur captains
  7 fire dragons
  A vault guard (Pan)
  2 great orbs of eyes
  2 jorogumos (Tomb:3)
  2 salamander tyrants
  A caustic shrike simulacrum (Coc:6)
  An ogre mage (Vaults:5)
  5 spriggan air magi
  11 ice dragons
  2 alligator snapping turtles (Tomb:2)
  A centaur warrior (Tomb:2)
  An ironbound frostheart (Vaults:2)
  8 radroaches
  5 tengu warriors
  3 deep troll earth magi
  2 deep troll shamans
  2 sun demons
  A storm dragon zombie (Vaults:5)
  A fire crab (Tomb:2)
  3 hell knights
  2 death drakes (shapeshifter)
  A spark wasp zombie (Spider:4)
  A swamp dragon (shapeshifter) (Geh:7)
  A deep troll (Pan)
  A quicksilver dragon simulacrum (Coc:3)
  A death drake (Hell)
  An orb spider (shapeshifter) (Geh:5)
  A swamp dragon (Tomb:2)
  2 lindwurms
  An orc knight (Vaults:2)
  3 deep elf archers
  A deep elf zephyrmancer (Tomb:3)
  3 ironbound convokers
  A harpy (Tomb:2)
  A deep elf pyromancer (Tomb:3)
  2 wizards
  A necromancer (Zig:12)
  A stone giant zombie (Vaults:5)
  A manticore (shapeshifter) (Tar:7)
  13 moths of wrath
  A shining eye (shapeshifter) (Pan)
  4 death scarab zombies (Tomb:3)
  An eye of devastation (shapeshifter) (Geh:7)
  2 titan simulacra (Coc:1)
  A black mamba (Zig:18)
  8 vault sentinels
  A guardian serpent (Pan)
  An apocalypse crab (Zig:15)
  3 smoke demons (Pan)
  2 eyes of devastation
  A torpor snail (Spider:4)
  An orange demon (Pan)
  A death yak zombie (Lair:4)
  3 unseen horrors
  A tengu conjurer (Zig:14)
  A tormentor (Geh:5)
  3 human zombies (Vaults:5)
  A hydra zombie (Swamp:4)
  2 bloated husks
  A great orb of eyes zombie (Slime:5)
  A tarantella (Spider:4)
  2 raiju
  11 slime creatures
  A dire elephant simulacrum (Coc:6)
  A naga simulacrum (Coc:1)
  3 slime creature zombies (Slime:5)
  3 golden eyes
  A redback (Spider:4)
  2 two-headed ogre zombies (Vaults:5)
  A harpy simulacrum (Coc:6)
  An ogre zombie (Vaults:5)
  A floating eye (Zig:12)
  A swamp dragon zombie (Swamp:4)
  4 yak zombies
  A wolf zombie (Lair:3)
  A bullfrog zombie (Lair:3)
  A swamp drake zombie (Swamp:4)
  9 ball lightnings (Pan)
  A block of ice (Pan)
  3 creeping infernos
  7 fire vortices
  8 fungi (Lair:4)
  7 lurking horrors (Geh:5)
  40 plants
  2 starspawn tentacles
385 creatures vanquished.

Grand Total: 2428 creatures vanquished

Notes
Turn   | Place    | Note
-------+----------+-------------------------------------------
     0 | D:1      | Sapher the Meteoran Earth Elementalist began the quest for
                  | the Orb.
     0 | D:1      | Reached XP level 1. HP: 14/14 MP: 5/5
    60 | D:1      | Reached XP level 2. HP: 15/20 MP: 1/7
    80 | D:1      | Reached XP level 3. HP: 23/26 MP: 1/8
    83 | D:1      | Learned a level 2 spell: Passwall
    87 | D:1      | Learned a level 3 spell: Stone Arrow
   163 | D:3      | Reached skill level 1 in Conjurations
   163 | D:3      | Reached XP level 4. HP: 16/33 MP: 4/10
   190 | D:3      | Reached XP level 5. HP: 31/38 MP: 1/12
   325 | D:4      | Reached skill level 5 in Earth Magic
   343 | D:4      | Found a staircase to the Ecumenical Temple.
   353 | D:4      | Reached XP level 6. HP: 38/45 MP: 3/14
   357 | Temple   | Entered the Ecumenical Temple
   362 | Temple   | Became a worshipper of Kikubaaqudgha
   372 | D:4      | Found a runed translucent door.
   372 | D:4      | Noticed Sapher's ghost (weakling MeEE)
   393 | D:4      | Identified the +1 robe of Ethroegh {Slay+2}
   441 | D:5      | Entered Level 5 of the Dungeon
   499 | D:5      | Noticed an ice beast
   502 | D:5      | Killed an ice beast
   503 | D:5      | Reached skill level 5 in Spellcasting
   503 | D:5      | Reached XP level 7. HP: 50/50 MP: 4/15
   570 | D:6      | Reached skill level 1 in Evocations
   590 | D:6      | Noticed Pikel
   600 | D:6      | Killed Pikel
   601 | D:6      | Reached XP level 8. HP: 52/57 MP: 7/19
   746 | D:7      | Gained mutation: You passively map the area around you.
                  | [Meteoran growth]
   746 | D:7      | Reached XP level 9. HP: 54/62 MP: 10/21
   867 | D:8      | Reached skill level 1 in Necromancy
   876 | D:8      | Reached * piety under Kikubaaqudgha
   876 | D:8      | Received a gift from Kikubaaqudgha
   885 | D:8      | Learned a level 4 spell: Animate Dead
   887 | D:8      | Found a flagged portal.
   898 | Bailey   | Entered a bailey
   919 | Bailey   | Reached skill level 1 in Throwing
   961 | Bailey   | Noticed an orc knight
  1001 | Bailey   | Killed an orc knight
  1002 | Bailey   | Reached XP level 10. HP: 12/69 MP: 0/24
  1045 | Bailey   | Reached skill level 5 in Necromancy
  1054 | Bailey   | Found a burning altar of Makhleb.
  1070 | Bailey   | Got the Directory of the Tesseract
  1076 | Bailey   | Reached skill level 10 in Spellcasting
  1086 | Bailey   | Learned a level 4 spell: Passage of Golubria
  1100 | D:9      | Noticed Joseph
  1112 | D:9      | Reached ** piety under Kikubaaqudgha
  1112 | D:9      | Killed Joseph
  1157 | D:8      | Reached XP level 11. HP: 54/74 MP: 12/26
  1184 | D:8      | Found a sparkling altar of Nemelex Xobeh.
  1184 | D:8      | Found an ornate altar of the Wu Jian Council.
  1267 | D:10     | Entered Level 10 of the Dungeon
  1298 | D:10     | Noticed Gastronok
  1307 | D:10     | Killed Gastronok
  1308 | D:10     | Reached skill level 10 in Necromancy
  1334 | D:10     | Noticed a deep elf pyromancer
  1337 | D:10     | Killed a deep elf pyromancer
  1413 | D:11     | Noticed a cyclops
  1429 | D:11     | Reached skill level 5 in Ice Magic
  1435 | D:11     | Noticed Maurice
  1443 | D:11     | Killed Maurice
  1445 | D:11     | Found a runed translucent gate.
  1445 | D:11     | Found a runed translucent gate.
  1445 | D:11     | Found a runed translucent gate.
  1457 | D:11     | Killed a cyclops
  1460 | D:11     | Noticed a two-headed ogre
  1460 | D:11     | Noticed a minotaur
  1461 | D:11     | Noticed FoCKShaftsOnD1's ghost (journeyman MeEE)
  1551 | D:9      | sentinel: nice staff
  1603 | D:8      | Noticed Prince Ribbit
  1610 | D:8      | Killed Prince Ribbit
  1640 | D:8      | Found a staircase to the Lair.
  1650 | Lair:1   | Entered Level 1 of the Lair of Beasts
  1654 | Lair:1   | Found a runed translucent gate.
  1654 | Lair:1   | Found a runed translucent gate.
  1654 | Lair:1   | Found a runed translucent gate.
  1654 | Lair:1   | Noticed Fartwhistle's ghost (journeyman OpTm)
  1685 | Lair:2   | Reached XP level 12. HP: 70/81 MP: 27/27
  1692 | Lair:3   | Noticed a six-headed hydra
  1706 | Lair:3   | Killed a six-headed hydra
  1707 | Lair:3   | Reached skill level 5 in Translocations
  1725 | Lair:3   | Sapher: not only
  1725 | Lair:3   | Sapher: hat
  1725 | Lair:3   | sentinel: insane
  1725 | Lair:3   | sentinel: and pog
  1725 | Lair:3   | Sapher: yea)
  1730 | Lair:4   | Noticed a death yak
  1730 | Lair:4   | Noticed a death yak
  1730 | Lair:4   | Noticed a death yak
  1735 | Lair:3   | Reached *** piety under Kikubaaqudgha
  1735 | Lair:3   | Received a gift from Kikubaaqudgha
  1736 | Lair:3   | Sapher: sad
  1736 | Lair:3   | Sapher: no dchan
  1745 | Lair:3   | Learned a level 6 spell: Simulacrum
  1751 | Lair:3   | Learned a level 5 spell: Borgnjor's Vile Clutch
  1751 | Lair:3   | sentinel: can you not get clutch?
  1751 | Lair:3   | Sapher: yea
  1751 | Lair:3   | sentinel: would be worse if you didn't have that
  1751 | Lair:3   | Sapher: any spell
  1751 | Lair:3   | Sapher: nope
  1751 | Lair:3   | Sapher: i'd prefer dchan
  1751 | Lair:3   | sentinel: true
  1751 | Lair:3   | sentinel: I guess you can just wretch
  1751 | Lair:3   | Sapher: i guess i should enter
  1751 | Lair:3   | sentinel: spider seems a bit dangeroud
  1751 | Lair:3   | Sapher: hmm
  1751 | Lair:3   | sentinel: the enemies are just too fast to surround you
  1751 | Lair:3   | sentinel: i even like slime more
  1751 | Lair:3   | Sapher: i guess i'll be fine
  1751 | Lair:3   | Sapher: well
  1751 | Lair:3   | Sapher: ghost is a problem
  1751 | Lair:3   | Sapher: the rest is fine
  1751 | Lair:3   | Sapher: slimes are easier
  1751 | Lair:3   | Sapher: let's go slimes first lol
  1759 | Lair:2   | sentinel: haha the ultimate speedrun strat
  1761 | Lair:3   | Sapher: oh, i did it a few times already
  1761 | Lair:3   | Found a hole to the Spider Nest.
  1763 | Lair:3   | sentinel: yeah I know, that why I think it's good
  1776 | Lair:3   | sentinel: especially after doing it with kiku as well
  1791 | Lair:4   | sentinel: feels like a tele
  1792 | Lair:4   | sentinel: well one turn earlier
  1792 | Lair:4   | Sapher: snail..
  1793 | Lair:4   | Noticed a death yak
  1794 | Lair:4   | sentinel: inb4 kill self
  1794 | Lair:4   | Sapher: death to casting simu is an option
  1794 | Lair:4   | sentinel: well
  1794 | Lair:4   | sentinel: rc++
  1794 | Lair:4   | sentinel: so probably not
  1796 | Lair:4   | sentinel: tele i think
  1796 | Lair:4   | Sapher: where is snail
  1796 | Lair:4   | sentinel: probably that out of sight area
  1797 | Lair:4   | Noticed a death yak
  1804 | Lair:4   | Killed a death yak
  1805 | Lair:4   | sentinel: pog
  1808 | Lair:4   | sentinel: well it worked out
  1808 | Lair:4   | sentinel: ez game
  1831 | Lair:4   | aesen: elem staff
  1831 | Lair:4   | aesen: its over
  1833 | Lair:4   | aesen: dont even need to do the run
  1838 | Lair:4   | sentinel: that's not all
  1846 | Lair:4   | sentinel: there's also pondering hat
  1851 | Lair:4   | Found a viscous altar of Jiyva.
  1851 | Lair:4   | Found a staircase to the Slime Pits.
  1852 | Lair:4   | aesen: omg
  1852 | Lair:4   | sentinel: and pog
  1852 | Lair:4   | aesen: only vitality missing
  1861 | Lair:4   | sentinel: oh hmm the only issue with slime possible is
                  | golden eyes
  1861 | Lair:4   | aesen: i got you
  1861 | Lair:4   | Sapher: not realy
  1861 | Lair:4   | Sapher: oh, ok
  1861 | Lair:4   | Sapher: no curing
  1861 | Lair:4   | eye: *stares*
  1862 | Slime:1  | Entered Level 1 of the Pits of Slime
  1871 | Slime:1  | Reached skill level 10 in Ice Magic
  1888 | Slime:2  | Noticed a quicksilver ooze
  1899 | Slime:1  | sentinel: no attacks
  1899 | Slime:1  | sentinel: no simu
  1905 | Slime:1  | Sapher: oh
  1905 | Slime:1  | Sapher: one way
  1924 | Slime:2  | Noticed a great orb of eyes
  1929 | Slime:2  | Reached XP level 13. HP: 86/86 MP: 11/28
  1935 | Slime:2  | Killed a great orb of eyes
  1953 | Slime:3  | Noticed Dissolution
  1954 | Slime:3  | Sapher: sure
  1954 | Slime:3  | sentinel: this stupid vault
  1956 | Slime:3  | Paralysed by a floating eye for 2 turns
  1959 | Slime:3  | eye: time for 27 turn para
  1959 | Slime:3  | sentinel: immune to para now
  1959 | Slime:3  | eye: NOOOOOOOO
  1959 | Slime:3  | sentinel: or does it not work against the eye
  1959 | Slime:3  | Sergey: there is something like "single eye can only charge
                  | twice"
  1959 | Slime:3  | sentinel: nah eyes can para as many times as they want
  1959 | Slime:3  | sentinel: the charge is that it takes 2 turns before para
  1960 | Slime:3  | Paralysed by a floating eye for 2 turns
  1963 | Slime:3  | sentinel: at least dissolution is not doing a lot
  1965 | Slime:3  | Killed Dissolution
  1970 | Slime:4  | Noticed an azure jelly
  1972 | Slime:4  | Noticed a rockslime
  1976 | Slime:4  | sentinel: should be animate dead
  1976 | Slime:4  | sentinel: or does that not work
  1976 | Slime:4  | Sapher: i don't think it works on jellys
  1976 | Slime:4  | Sergey: it works
  1976 | Slime:4  | eye: it does but i forgot if its 0.30
  1976 | Slime:4  | eye: they even got their own tiles
  1976 | Slime:4  | Sapher: too late now
  1976 | Slime:4  | eye: rip
  1977 | Slime:4  | Killed a rockslime
  1978 | Slime:4  | Reached skill level 1 in Fighting
  1980 | Slime:4  | Killed an azure jelly
  1990 | Slime:5  | Entered Level 5 of the Pits of Slime
  1993 | Slime:5  | Sergey: forgot animate again
  1997 | Slime:5  | Sapher: yea
  2005 | Slime:5  | Noticed an acid blob
  2007 | Slime:5  | Noticed an acid blob
  2009 | Slime:5  | Noticed an azure jelly
  2009 | Slime:5  | Noticed a great orb of eyes
  2009 | Slime:5  | Noticed an acid blob
  2010 | Slime:5  | Noticed an acid blob
  2011 | Slime:5  | sentinel: azure
  2011 | Slime:5  | Killed an acid blob
  2012 | Slime:5  | Reached skill level 5 in Dodging
  2012 | Slime:5  | sentinel: they have 4 attacks
  2012 | Slime:5  | Noticed an acid blob
  2012 | Slime:5  | Killed an acid blob
  2013 | Slime:5  | Reached XP level 14. HP: 69/104 MP: 14/31
  2015 | Slime:5  | Sapher: plain 33
  2015 | Slime:5  | Sapher: or 33+54
  2015 | Slime:5  | Sergey: its acid one
  2015 | Slime:5  | Sapher: yea...it's fine if i don't use animate
  2015 | Slime:5  | sentinel: it's all about the body blocking
  2015 | Slime:5  | Sapher: 9+45
  2015 | Slime:5  | Sapher: or just 9
  2015 | Slime:5  | sentinel: x4
  2015 | Slime:5  | Sapher: they are much much weaker
  2015 | Slime:5  | Sapher: 9+45 also x4
  2015 | Slime:5  | sentinel: i know
  2015 | Slime:5  | Killed an acid blob
  2016 | Slime:5  | Killed an acid blob
  2016 | Slime:5  | Killed an acid blob
  2022 | Slime:5  | Sergey: they are weaker, but free
  2024 | Slime:5  | Noticed an acid blob
  2026 | Slime:5  | Killed an acid blob
  2027 | Slime:5  | Sapher: okok)
  2027 | Slime:5  | sentinel: also they are much tankier
  2039 | Slime:5  | Found a viscous altar of Jiyva.
  2040 | Slime:5  | Noticed the Royal Jelly
  2040 | Slime:5  | Noticed an acid blob
  2040 | Slime:5  | Noticed an acid blob
  2045 | Slime:5  | Noticed a quicksilver ooze
  2045 | Slime:5  | Noticed a rockslime
  2045 | Slime:5  | Killed a quicksilver ooze
  2045 | Slime:5  | Noticed an azure jelly
  2047 | Slime:5  | Noticed an acid blob
  2050 | Slime:5  | Sapher: sory
  2050 | Slime:5  | Sapher: need a break
  2054 | Slime:5  | Noticed a rockslime
  2054 | Slime:5  | Noticed a quicksilver ooze
  2054 | Slime:5  | Killed an acid blob
  2054 | Slime:5  | Killed a rockslime
  2056 | Slime:5  | Noticed an acid blob
  2057 | Slime:5  | Killed a rockslime
  2059 | Slime:5  | Killed an acid blob
  2061 | Slime:5  | Reached skill level 10 in Translocations
  2063 | Slime:5  | Killed an azure jelly
  2064 | Slime:5  | Noticed an acid blob
  2066 | Slime:5  | Killed a quicksilver ooze
  2067 | Slime:5  | Killed an acid blob
  2070 | Slime:5  | Killed the Royal Jelly
  2071 | Slime:5  | Reached skill level 15 in Spellcasting
  2071 | Slime:5  | Reached XP level 15. HP: 110/110 MP: 14/35
  2071 | Slime:5  | Noticed a rockslime
  2071 | Slime:5  | Noticed an azure jelly
  2071 | Slime:5  | Noticed a rockslime
  2072 | Slime:5  | Killed a rockslime
  2072 | Slime:5  | Killed an azure jelly
  2073 | Slime:5  | Noticed a rockslime
  2073 | Slime:5  | Noticed a rockslime
  2073 | Slime:5  | Noticed a rockslime
  2073 | Slime:5  | Killed a rockslime
  2073 | Slime:5  | Noticed a rockslime
  2074 | Slime:5  | Noticed an acid blob
  2074 | Slime:5  | Noticed an azure jelly
  2074 | Slime:5  | Killed a rockslime
  2074 | Slime:5  | Noticed an acid blob
  2074 | Slime:5  | Killed a rockslime
  2076 | Slime:5  | Killed a rockslime
  2077 | Slime:5  | Noticed an azure jelly
  2077 | Slime:5  | Killed an acid blob
  2078 | Slime:5  | sentinel: mutator slime end
  2078 | Slime:5  | Killed an azure jelly
  2078 | Slime:5  | Killed a rockslime
  2079 | Slime:5  | Killed an acid blob
  2080 | Slime:5  | Killed an azure jelly
  2085 | Slime:5  | Killed an acid blob
  2100 | Slime:5  | Killed an acid blob
  2107 | Slime:5  | Noticed an acid blob
  2110 | Slime:5  | Killed an acid blob
  2118 | Slime:5  | Found the +8 Wrath of Trog {antimagic, *Rage Rampage}
  2118 | Slime:5  | Found the +7 Kryia's mail coat {PotionHeal*2 rC+}
  2178 | Slime:5  | Got a slimy rune of Zot
  2256 | Lair:4   | Reached skill level 5 in Transmutations
  2262 | Lair:4   | Learned a level 6 spell: Statue Form
  2280 | Lair:3   | Found a staircase to the Swamp.
  2286 | Swamp:1  | Entered Level 1 of the Swamp
  2293 | Swamp:1  | Reached **** piety under Kikubaaqudgha
  2296 | Swamp:1  | Reached skill level 1 in Unarmed Combat
  2322 | Swamp:2  | Noticed a fenstrider witch
  2330 | Swamp:3  | You fall into a shaft and drop 1 floor!
  2330 | Swamp:4  | Entered Level 4 of the Swamp
  2339 | Swamp:4  | Reached XP level 16. HP: 116/116 MP: 20/37
  2352 | Swamp:4  | Reached skill level 10 in Earth Magic
  2367 | Swamp:4  | Reached ***** piety under Kikubaaqudgha
  2373 | Swamp:4  | Reached skill level 15 in Necromancy
  2375 | Swamp:4  | Got a decaying rune of Zot
  2405 | Swamp:2  | Killed a fenstrider witch
  2457 | Spider:1 | Entered Level 1 of the Spider Nest
  2470 | Spider:2 | Noticed Louise
  2476 | Spider:2 | Killed Louise
  2528 | Spider:3 | Reached skill level 5 in Fighting
  2534 | Spider:3 | Reached XP level 17. HP: 117/126 MP: 30/38
  2545 | Spider:3 | You fall into a shaft and drop 1 floor!
  2545 | Spider:4 | Entered Level 4 of the Spider Nest
  2555 | Spider:4 | Sapher: oops
  2557 | Spider:4 | Sapher: oops again
  2560 | Spider:4 | Sapher: nah
  2560 | Spider:4 | Sapher: that 2 way passage not gonna work
  2560 | Spider:4 | Sapher: without apport
  2580 | Spider:4 | Sapher: lol
  2580 | Spider:4 | sentinel: immo
  2580 | Spider:4 | Sapher: butterfly immo is better)
  2582 | Spider:4 | Sapher: but i dont want to tele...
  2582 | Spider:4 | sentinel: well you still have that pog
  2582 | Spider:4 | Sapher: it will time out probably
  2582 | Spider:4 | Sapher: 1 mana
  2582 | Spider:4 | Sapher: ghost dead probably
  2586 | Spider:4 | Reached skill level 10 in Dodging
  2586 | Spider:4 | sentinel: high risk high reward
  2586 | Spider:4 | Sapher: bad play high reward
  2586 | Spider:4 | Sapher: that's my style)
  2586 | Spider:4 | Reached ****** piety under Kikubaaqudgha
  2595 | Spider:4 | Sapher: ehh
  2600 | Spider:4 | Sapher: ehh
  2600 | Spider:4 | Sapher: why are not they moving
  2600 | Spider:4 | sentinel: no clue
  2602 | Spider:4 | Sapher: no sinv hurts
  2695 | Spider:4 | Identified the +0 pair of boots of Vanity {rElec Dex-2
                  | Slay+3}
  2698 | Spider:4 | Got a gossamer rune of Zot
  2731 | Spider:3 | Identified the +2 cloak of the Yeti {Str+4 Int+5}
  2763 | Spider:2 | Noticed Aizul
  2790 | Lair:1   | Received a gift from Kikubaaqudgha
  2800 | Lair:1   | Learned a level 8 spell: Infestation
  2903 | D:14     | Found Bapukah's CLEARANCE SALE!.
  2923 | D:14     | You are sucked into a shaft and drop 1 floor!
  2923 | D:15     | Entered Level 15 of the Dungeon
  2973 | D:14     | Identified the ring "Soarynepp" {rElec rC+ MP-9 Int+2
                  | Slay+5}
  2994 | D:14     | Identified a scroll of acquirement
  2994 | D:14     | Acquired the ring "Uledwos" {rF+ rC+ rN+ AC+4 Str+3}
  3052 | D:13     | Gained mutation: You passively map a large area around you.
                  | [Meteoran growth]
  3052 | D:13     | Reached XP level 18. HP: 125/139 MP: 18/39
  3141 | D:14     | Found a gate to the Vaults.
  3154 | Vaults:1 | Entered Level 1 of the Vaults
  3221 | Vaults:2 | Noticed Boris
  3227 | Vaults:2 | Killed Boris
  3239 | Vaults:2 | You fall into a shaft and drop 1 floor!
  3239 | Vaults:3 | Found a flickering gateway to a bazaar.
  3240 | Vaults:3 | sentinel: you can do it
  3240 | Vaults:3 | Sapher: may be))
  3240 | Vaults:3 | sentinel: i mean pog should work
  3241 | Vaults:3 | Sapher: ehh...doesn't look like it
  3241 | Vaults:3 | sentinel: it doesn't show on water either
  3249 | Bazaar   | Entered a bazaar
  3249 | Bazaar   | Found Itanutet's General Store.
  3255 | Bazaar   | Found Pisacw's Jewellery Shoppe.
  3258 | Bazaar   | Sapher: harm is antisynergy with summons
  3258 | Bazaar   | sentinel: yep
  3260 | Bazaar   | Found Axar's General Store.
  3263 | Bazaar   | sentinel: there might be something else for the gold anyway
  3265 | Bazaar   | Bought a scroll of teleportation for 36 gold pieces
  3268 | Bazaar   | Found Naugryil's Antique Armour Boutique.
  3274 | Bazaar   | sentinel: you can pick up a troll leather
  3274 | Bazaar   | sentinel: in vaults
  3321 | Vaults:5 | Entered Level 5 of the Vaults
  3325 | Vaults:5 | sentinel: torment
  3325 | Vaults:5 | Sapher: oh
  3325 | Vaults:5 | Sapher: interestin)
  3325 | Vaults:5 | sentinel: haha
  3325 | Vaults:5 | Sapher: i guess...yea
  3325 | Vaults:5 | sentinel: I've been waiting for a chance
  3331 | Vaults:5 | Reached skill level 10 in Transmutations
  3336 | Vaults:5 | Reached XP level 19. HP: 98/145 MP: 24/40
  3336 | Vaults:5 | Noticed a tentacled monstrosity
  3340 | Vaults:5 | Killed a tentacled monstrosity
  3354 | Vaults:5 | Noticed a titan
  3357 | Vaults:5 | Killed a titan
  3443 | Vaults:5 | Noticed a titan
  3448 | Vaults:5 | Killed a titan
  3480 | Vaults:5 | Noticed a quicksilver dragon
  3489 | Vaults:5 | Killed a quicksilver dragon
  3494 | Vaults:5 | Noticed a tentacled monstrosity
  3499 | Vaults:5 | Killed a tentacled monstrosity
  3505 | Vaults:5 | Got a silver rune of Zot
  3517 | Vaults:5 | Learned a level 6 spell: Death Channel
  3526 | Vaults:5 | Learned a level 8 spell: Necromutation
  3541 | Vaults:5 | Noticed a titan
  3545 | Vaults:5 | Killed a titan
  3546 | Vaults:5 | Noticed a titan
  3548 | Vaults:5 | Killed a titan
  3679 | Vaults:2 | Reached XP level 20. HP: 152/152 MP: 34/44
  3693 | Vaults:2 | Noticed a bone dragon
  3696 | Vaults:2 | Killed a bone dragon
  3702 | Vaults:2 | Learned a level 5 spell: Irradiate
  3706 | Vaults:2 | Found a staircase to the Crypt.
  3711 | Crypt:1  | Entered Level 1 of the Crypt
  3786 | Crypt:3  | Entered Level 3 of the Crypt
  3833 | Crypt:3  | Found a staircase to the Tomb.
  3843 | Tomb:1   | Entered Level 1 of the Tomb of the Ancients
  3877 | Tomb:1   | Reached skill level 5 in Unarmed Combat
  3940 | Tomb:2   | Noticed a royal mummy
  3940 | Tomb:2   | Noticed a royal mummy
  3943 | Tomb:2   | Noticed a royal mummy
  3944 | Tomb:2   | Noticed a royal mummy
  3951 | Tomb:2   | Killed a royal mummy
  3964 | Tomb:2   | Reached XP level 21. HP: 134/158 MP: 33/47
  3989 | Tomb:2   | Learned a level 8 spell: Lehudib's Crystal Spear
  3993 | Tomb:3   | Entered Level 3 of the Tomb of the Ancients
  4004 | Tomb:3   | Reached skill level 5 in Conjurations
  4011 | Tomb:3   | Noticed a royal mummy
  4013 | Tomb:3   | Noticed a royal mummy
  4032 | Tomb:3   | Identified the amulet "Vyil" {RegenMP Str-4 Dex+7}
  4039 | Tomb:3   | Reached skill level 10 in Conjurations
  4055 | Tomb:3   | Killed a royal mummy
  4060 | Tomb:3   | Noticed a royal mummy
  4064 | Tomb:3   | Killed a royal mummy
  4072 | Tomb:3   | Killed a royal mummy
  4081 | Tomb:3   | Noticed a royal mummy
  4083 | Tomb:3   | Killed a royal mummy
  4084 | Tomb:3   | Reached XP level 22. HP: 142/166 MP: 44/48
  4092 | Tomb:3   | Noticed a royal mummy
  4094 | Tomb:3   | Noticed a royal mummy
  4097 | Tomb:3   | Killed a royal mummy
  4097 | Tomb:3   | Killed a royal mummy
  4097 | Tomb:3   | Noticed a royal mummy
  4098 | Tomb:3   | Noticed a royal mummy
  4101 | Tomb:3   | Killed a royal mummy
  4102 | Tomb:3   | Killed a royal mummy
  4103 | Tomb:3   | Reached skill level 15 in Earth Magic
  4136 | Tomb:3   | Got a golden rune of Zot
  4158 | Zig:1    | Entered Level 1 of a ziggurat
  4164 | Zig:2    | Entered Level 2 of a ziggurat
  4164 | Zig:2    | Noticed a Brimstone Fiend
  4170 | Zig:2    | Killed a Brimstone Fiend
  4182 | Zig:3    | Entered Level 3 of a ziggurat
  4205 | Zig:4    | Entered Level 4 of a ziggurat
  4206 | Zig:4    | Noticed an ancient lich
  4213 | Zig:4    | Killed an ancient lich
  4223 | Zig:5    | Entered Level 5 of a ziggurat
  4231 | Zig:5    | Reached skill level 1 in Fire Magic
  4253 | Zig:6    | Entered Level 6 of a ziggurat
  4259 | Zig:6    | Noticed a juggernaut
  4264 | Zig:6    | Killed a juggernaut
  4275 | Zig:7    | Entered Level 7 of a ziggurat
  4281 | Zig:7    | Noticed a dread lich
  4281 | Zig:7    | Noticed a bone dragon
  4282 | Zig:7    | Noticed a doom hound
  4284 | Zig:7    | Killed a bone dragon
  4285 | Zig:7    | Killed a dread lich
  4287 | Zig:7    | Reached skill level 5 in Fire Magic
  4287 | Zig:7    | Killed a doom hound
  4296 | Zig:8    | Entered Level 8 of a ziggurat
  4305 | Zig:8    | Noticed a caustic shrike
  4306 | Zig:8    | Killed a caustic shrike
  4316 | Zig:9    | Entered Level 9 of a ziggurat
  4331 | Zig:9    | Reached XP level 23. HP: 171/171 MP: 45/50
  4344 | Zig:10   | Entered Level 10 of a ziggurat
  4351 | Zig:10   | Noticed an orb of fire
  4351 | Zig:10   | Noticed an orb of fire
  4351 | Zig:10   | Gained mutation: Your flesh is heat resistant. (rF+) [an
                  | orb of fire]
  4353 | Zig:10   | Noticed an orb of fire
  4357 | Zig:10   | Killed an orb of fire
  4357 | Zig:10   | Lost mutation: Your flesh is heat resistant. (rF+) [an orb
                  | of fire]
  4360 | Zig:10   | Killed an orb of fire
  4364 | Zig:10   | Gained mutation: Your body sometimes deteriorates upon
                  | taking damage. [an orb of fire]
  4367 | Zig:10   | Killed an orb of fire
  4372 | Zig:10   | Identified the +9 sling "Toageh" {vorpal, Str+4}
  4384 | Zig:10   | Learned a level 8 spell: Ignition
  4386 | Zig:11   | Entered Level 11 of a ziggurat
  4397 | Zig:11   | Reached skill level 10 in Fire Magic
  4402 | Zig:11   | Noticed a caustic shrike
  4410 | Zig:11   | Killed a caustic shrike
  4412 | Zig:11   | Found the +4 Cigotuvi's embrace {rMiasma Drain rN+}
  4417 | Zig:11   | Reached XP level 24. HP: 179/179 MP: 51/51
  4428 | Zig:12   | Entered Level 12 of a ziggurat
  4437 | Zig:12   | Found the +5 lochaber axe {reach-cleave, poleaxe}
  4439 | Zig:12   | Reached skill level 5 in Throwing
  4454 | Zig:13   | Entered Level 13 of a ziggurat
  4471 | Zig:13   | Reached XP level 25. HP: 147/147 MP: 52/52
  4475 | Zig:14   | Entered Level 14 of a ziggurat
  4486 | Zig:14   | Noticed a royal mummy
  4486 | Zig:14   | Noticed a royal mummy
  4486 | Zig:14   | Noticed a royal mummy
  4487 | Zig:14   | Noticed a royal mummy
  4488 | Zig:14   | Reached XP level 26. HP: 192/192 MP: 52/52
  4488 | Zig:14   | Killed a royal mummy
  4489 | Zig:14   | Killed a royal mummy
  4490 | Zig:14   | Killed a royal mummy
  4490 | Zig:14   | Killed a royal mummy
  4491 | Zig:14   | Found the +3 warlock's mirror {reflect}
  4491 | Zig:14   | Noticed a royal mummy
  4492 | Zig:14   | Killed a royal mummy
  4508 | Zig:14   | Identified the ring of Seligrao {Fly rC- rN++ MP+9}
  4516 | Zig:15   | Entered Level 15 of a ziggurat
  4521 | Zig:15   | Noticed Zihuz the pandemonium lord
  4524 | Zig:15   | Noticed Acruc the pandemonium lord
  4524 | Zig:15   | Noticed Ceith the pandemonium lord
  4529 | Zig:15   | aesen: is this the run
  4529 | Zig:15   | Sapher: no idea, still no shatter
  4529 | Zig:15   | aesen: !spawn shatter
  4530 | Zig:15   | Noticed Buogruaqi the pandemonium lord
  4530 | Zig:15   | Killed Zihuz the pandemonium lord
  4531 | Zig:15   | Noticed Cuvewn the pandemonium lord
  4531 | Zig:15   | Noticed Piunn the pandemonium lord
  4531 | Zig:15   | Noticed a Killer Klown
  4538 | Zig:15   | Noticed a Killer Klown
  4540 | Zig:15   | Killed a Killer Klown
  4541 | Zig:15   | Killed Cuvewn the pandemonium lord
  4542 | Zig:15   | Killed Acruc the pandemonium lord
  4542 | Zig:15   | Killed Piunn the pandemonium lord
  4544 | Zig:15   | Killed Ceith the pandemonium lord
  4551 | Zig:15   | Killed Buogruaqi the pandemonium lord
  4553 | Zig:15   | Killed a Killer Klown
  4554 | Zig:16   | Entered Level 16 of a ziggurat
  4579 | Zig:16   | Found the +8 trishula "Condemnation" {holy, anguish, *Noise
                  | Fly rN+}
  4581 | Zig:16   | Identified the ring "Juvigom" {rF- rC++ rN+ Dex+7}
  4582 | Zig:16   | aesen: no apport?
  4584 | Zig:16   | aesen: its over...
  4585 | Zig:16   | Identified the amulet of Nage {Acrobat -Cast Str+8}
  4588 | Zig:16   | Identified the +0 lajatang of Zockugiung {drain, rC+ Dex+3}
  4590 | Zig:17   | Entered Level 17 of a ziggurat
  4603 | Zig:17   | Reached skill level 27 in Spellcasting
  4604 | Zig:17   | Reached XP level 27. HP: 198/198 MP: 53/55
  4607 | Zig:17   | Reached skill level 15 in Dodging
  4609 | Zig:17   | Found the +6 Majin-Bo {vamp, MP+6 Int+6}
  4616 | Zig:17   | Identified the amulet of Sagruuv {Acrobat Harm Str+3
                  | Stlth+}
  4620 | Zig:17   | Sapher: so
  4620 | Zig:17   | Sapher: do i get shtter
  4620 | Zig:17   | aesen: no beem to tell fortunes
  4620 | Zig:17   | Acquired the amulet "Boahuene" {rPois Regen+ rCorr SInv}
  4621 | Zig:17   | Acquired 828 gold pieces
  4623 | Zig:17   | sentinel: how important is shatter fo you think
  4623 | Zig:17   | sentinel: do*
  4635 | Zig:17   | Identified the ring "Uhonis" {rF+ Will++ rCorr Str-2 Int+6}
  4637 | Zig:17   | sentinel: it's less good than pog
  4637 | Zig:17   | Sapher: hmm
  4637 | Zig:17   | Sapher: it's good for stealing runes
  4637 | Zig:17   | Sapher: i kinda need to stop zigging already
  4637 | Zig:17   | Sapher: no apport also
  4637 | Zig:17   | sentinel: whats the tc
  4637 | Zig:17   | Sapher: i have time)
  4637 | Zig:17   | sentinel: yeah only 1.9k turns
  4637 | Zig:17   | sentinel: of buffer
  4637 | Zig:17   | Sapher: 40 turns floor already
  4637 | Zig:17   | Sapher: i can do a few i guess
  4639 | Zig:18   | Entered Level 18 of a ziggurat
  4654 | Zig:18   | aesen: cigotuvis embrace nice
  4665 | Zig:18   | Identified the amulet of Gogatip {Acrobat Str+5}
  4670 | Zig:18   | Identified the +2 pair of boots of Inquiry {Contam rPois
                  | rC+++ Int+4}
  4672 | Zig:18   | Identified the +12 shortbow of the Equinox {vorpal, rC-
                  | Str+4 Dex+3}
  4675 | Zig:19   | Entered Level 19 of a ziggurat
  4678 | Zig:19   | sentinel: so turns out with sapher level luck even sub 7k
                  | should be possible possible
  4678 | Zig:19   | Sapher: what luck lol...no shatter and apport)
  4681 | Zig:19   | sentinel: well I mean if you got those 2 as well
  4685 | Zig:19   | sentinel: with my luck I can't even explore fast enough
  4696 | Zig:19   | Lost mutation: Your body sometimes deteriorates upon taking
                  | damage. [potion of mutation]
  4696 | Zig:19   | Gained mutation: You are partially covered in iridescent
                  | scales. (AC +2) [potion of mutation]
  4696 | Zig:19   | Gained mutation: Your spells are a little easier to cast,
                  | but a little less powerful. [potion of mutation]
  4696 | Zig:19   | Gained mutation: You have a pair of small antennae on your
                  | head. [potion of mutation]
  4697 | Zig:19   | Lost mutation: You have a pair of small antennae on your
                  | head. [potion of mutation]
  4697 | Zig:19   | Lost mutation: Your spells are a little easier to cast, but
                  | a little less powerful. [potion of mutation]
  4697 | Zig:19   | Lost mutation: You are partially covered in iridescent
                  | scales. (AC +2) [potion of mutation]
  4697 | Zig:19   | Gained mutation: Your body sometimes deteriorates upon
                  | taking damage. [potion of mutation]
  4697 | Zig:19   | Gained mutation: Your spells are a little harder to cast,
                  | but a little more powerful. [potion of mutation]
  4697 | Zig:19   | Gained mutation: You passively dampen the noise of your
                  | surroundings. [potion of mutation]
  4701 | Zig:19   | Reached skill level 15 in Fire Magic
  4702 | Zig:19   | Identified the +6 longbow of Taxation {venom, *Corrode
                  | rPois rN+++ Int+4}
  4703 | Zig:19   | Identified the +2 ring mail of Xiwkuh {rF+}
  4722 | Tomb:2   | sentinel: how many tele to go inside
  4722 | Tomb:2   | Sapher: 4
  4722 | Tomb:2   | Sapher: 4-5
  4722 | Tomb:2   | sentinel: nice
  4735 | Tomb:2   | Sapher: no apport hurts
  4735 | Tomb:2   | Sapher: -wands
  4740 | Tomb:1   | sentinel: tele
  4740 | Tomb:1   | Sapher: tele or not
  4852 | Crypt:1  | Sapher: do i care and wizmode
  4852 | Crypt:1  | Sapher: i guess i do
  4852 | Crypt:1  | Sapher: oh, it's a crypt1...
  4852 | Crypt:1  | Sapher: so it's just a random vault..
  4852 | Crypt:1  | Sapher: nah, too lazy...looking for a random vault is pain
  4852 | Crypt:1  | Sapher: down probably exit, up more loot
  5049 | D:15     | Reached skill level 1 in Shields
  5064 | D:15     | Acquired 1275 gold pieces
  5096 | D:15     | Found a staircase to the Depths.
  5106 | Depths:1 | Entered Level 1 of the Depths
  5144 | Depths:2 | Found a one-way gate leading to the halls of Pandemonium.
  5149 | Pan      | Entered Pandemonium
  5196 | Pan      | Entered the realm of Mnoleg.
  5208 | Pan      | Reached skill level 5 in Shields
  5216 | Pan      | Reached skill level 10 in Fighting
  5219 | Pan      | Noticed Mnoleg
  5224 | Pan      | Sapher: luck test
  5224 | Pan      | Sapher: 4 places
  5226 | Pan      | Killed Mnoleg
  5254 | Pan      | Sapher: oops
  5255 | Pan      | sentinel: i would have done the same
  5278 | Pan      | Sapher: so
  5278 | Pan      | Sapher: what did you say about my luck))
  5278 | Pan      | Sapher: 4th corner
  5291 | Pan      | sentinel: you already had very good pan exploration upto
                  | this level
  5291 | Pan      | Sapher: whaaaaat
  5291 | Pan      | sentinel: exits revealed every level
  5291 | Pan      | Sapher: oh, yea
  5291 | Pan      | Sapher: i missed that one
  5297 | Pan      | sentinel: so it would be nd
  5297 | Pan      | sentinel: 2nd
  5297 | Pan      | sentinel: if not mistake
  5303 | Pan      | Sapher: ))
  5311 | Pan      | Got a glowing rune of Zot
  5317 | Pan      | Sapher: holy
  5317 | Pan      | Sapher: i need to kill them all probably
  5359 | Pan      | Reached skill level 10 in Throwing
  5397 | Pan      | Found a glowing golden altar of the Shining One.
  5397 | Pan      | Noticed a seraph
  5400 | Pan      | Killed a seraph
  5411 | Pan      | Identified the +0 robe of Unambiguity {Rampage Will+ MP+9
                  | Stlth+}
  5412 | Pan      | Identified the ring of Fuetov {Dex+6 SInv}
  5414 | Pan      | Got a demonic rune of Zot
  5416 | Pan      | Identified the ring of the Middle {rElec rPois AC+4}
  5417 | Pan      | Sapher: niec
  5417 | Pan      | Sapher: that exit is random
  5431 | Depths:2 | Escaped Pandemonium
  5433 | Pan      | Entered Pandemonium
  5436 | Pan      | Sapher: hmm
  5436 | Pan      | Sapher: do i kill them all for disto weapon?
  5436 | Pan      | sentinel: could be worth it
  5437 | Pan      | Sapher: i feel like i have to
  5437 | Pan      | Sapher: not much time left before i need disto
  5441 | Pan      | Sapher: need to check where's a lord
  5441 | Pan      | Sapher: but it's such a long fight...
  5453 | Pan      | Noticed Wefim the pandemonium lord
  5459 | Pan      | Killed Wefim the pandemonium lord
  5465 | Pan      | 1n5z: why 0.29?
  5465 | Pan      | Sapher: kiku
  5465 | Pan      | Sapher: i don't wanna go to abyss yet)
  5466 | Pan      | Sapher: magic or blink
  5538 | Pan      | Entered the realm of Gloorx Vloq.
  5559 | Pan      | Noticed Gloorx Vloq
  5562 | Pan      | Killed Gloorx Vloq
  5580 | Pan      | Got a dark rune of Zot
  5651 | Pan      | Reached skill level 15 in Fighting
  5735 | Pan      | Noticed Tiuru the pandemonium lord
  5739 | Pan      | Killed Tiuru the pandemonium lord
  5763 | Depths:2 | Escaped Pandemonium
  5765 | Pan      | Entered Pandemonium
  5772 | Pan      | Noticed Bimisun the pandemonium lord
  5775 | Pan      | Entered the realm of Cerebov.
  5811 | Pan      | Found the +6 sword of Cerebov {flame}
  5811 | Pan      | Noticed Cerebov
  5837 | Pan      | Got a fiery rune of Zot
  5870 | Pan      | Noticed Kawuqaaf the pandemonium lord
  5873 | Pan      | Killed Kawuqaaf the pandemonium lord
  5874 | Pan      | Reached skill level 10 in Unarmed Combat
  5878 | Pan      | Entered the realm of Lom Lobon.
  5878 | Pan      | Found an exit through the horrors of the Abyss.
  5896 | Pan      | aesen: if only there was shatter
  5896 | Pan      | Sapher: yeayea...
  5896 | Pan      | Sapher: still it would be bad layout
  5896 | Pan      | Sapher: 4 places
  5911 | Pan      | Sapher: 2nd no luck
  5925 | Pan      | Sapher: ^_^
  5925 | Pan      | sentinel: your luck is already buffered into the 1.5k extra
                  | turns
  5925 | Pan      | aesen: its over...
  5925 | Pan      | Sapher: all luck went into a hat
  5930 | Pan      | aesen: elem staff is rarer
  5948 | Pan      | Sapher: easy to notice a staff
  5949 | Pan      | Noticed Lom Lobon
  5967 | Pan      | Killed Lom Lobon
  5982 | Pan      | Got a magical rune of Zot
  6011 | Pan      | Took an exit into the Abyss.
  6011 | Abyss:1  | Escaped into the Abyss
  6040 | Abyss:3  | Found a corrupted altar of Lugonu.
  6053 | Abyss:3  | Sapher: shatter valuie
  6054 | Abyss:3  | aesen: or flame wave
  6057 | Abyss:3  | Found a corrupted altar of Lugonu.
  6072 | Abyss:3  | aesen: or lightning bolt
  6072 | Abyss:3  | Sapher: that's stupid
  6072 | Abyss:3  | aesen: both of them burn trees
  6072 | Abyss:3  | aesen: damn
  6094 | Abyss:3  | Sapher: hangedman_abyss_rune_flesh_and_stone i guess
  6094 | Abyss:3  | aesen: catoblepas
  6094 | Abyss:3  | Sapher: yea...need statue
  6095 | Abyss:3  | Sapher: but how do i get fly
  6095 | Abyss:3  | aesen: the pot on the ground
  6095 | Abyss:3  | aesen: )
  6133 | Abyss:3  | Got an abyssal rune of Zot
  6149 | Depths:2 | Escaped the Abyss
  6157 | Depths:2 | You fall into a shaft and drop 2 floors!
  6157 | Depths:4 | Entered Level 4 of the Depths
  6180 | Depths:4 | Identified the ring of the Ego {Ice Contam rPois Will-
                  | Int+10}
  6180 | Depths:4 | Noticed Josephina
  6182 | Depths:4 | Killed Josephina
  6198 | Depths:4 | Found a gateway to Hell.
  6199 | Depths:4 | Sapher: oops
  6199 | Depths:4 | Sapher: not a stone wal
  6203 | Hell     | Entered the Vestibule of Hell
  6205 | Hell     | Noticed Geryon
  6207 | Hell     | Noticed Murray
  6209 | Hell     | Killed Geryon
  6214 | Hell     | Killed Murray
  6219 | Hell     | Reached skill level 15 in Throwing
  6232 | Hell     | Found a gateway to the Iron City of Dis.
  6241 | Dis:1    | Entered Level 1 of the Iron City of Dis
  6257 | Dis:2    | Noticed a caustic shrike
  6258 | Dis:2    | Noticed a caustic shrike
  6259 | Dis:2    | Noticed a caustic shrike
  6259 | Dis:2    | Noticed a caustic shrike
  6260 | Dis:2    | Noticed a caustic shrike
  6264 | Dis:2    | Killed a caustic shrike
  6264 | Dis:2    | Killed a caustic shrike
  6264 | Dis:2    | Killed a caustic shrike
  6265 | Dis:2    | Killed a caustic shrike
  6266 | Dis:2    | Killed a caustic shrike
  6273 | Dis:2    | Sapher: mirror value
  6291 | Dis:4    | Noticed a caustic shrike
  6292 | Dis:4    | Sapher: yeayea
  6292 | Dis:4    | Sapher: shatter check
  6292 | Dis:4    | Sapher: i fail
  6292 | Dis:4    | sentinel: just blink
  6292 | Dis:4    | Sapher: where?
  6292 | Dis:4    | sentinel: bottom left
  6292 | Dis:4    | Sapher: i also think about mapping
  6293 | Dis:4    | Sapher: hmm
  6293 | Dis:4    | Sapher: i wonder if 1 is enough
  6293 | Dis:4    | Sapher: i can run 1.1
  6293 | Dis:4    | Sapher: too risky probably
  6293 | Dis:4    | Noticed a caustic shrike
  6293 | Dis:4    | Noticed a caustic shrike
  6293 | Dis:4    | Noticed a caustic shrike
  6293 | Dis:4    | Noticed a caustic shrike
  6293 | Dis:4    | Noticed a caustic shrike
  6371 | Dis:6    | sentinel: gg
  6371 | Dis:6    | sentinel: dis didn't kill
  6371 | Dis:6    | Sapher: why? i just got marked
  6373 | Dis:6    | sentinel: pretty much the only real way to die is from dis
                  | vaults
  6376 | Dis:6    | sentinel: ghost moth??
  6376 | Dis:6    | sentinel: oh
  6376 | Dis:6    | Sapher: he can
  6380 | Dis:6    | Sapher: do i necro or not
  6382 | Dis:6    | Sapher: lol
  6382 | Dis:6    | Sapher: scared to open
  6399 | Dis:6    | Sapher: yeayea
  6399 | Dis:6    | Sapher: open door -100 hp
  6399 | Dis:6    | Sapher: 44ac
  6408 | Dis:6    | Sapher: this is annoying
  6408 | Dis:6    | Sapher: no mp
  6408 | Dis:6    | Sapher: does he follow btw?
  6410 | Dis:6    | sentinel: i think so
  6410 | Dis:6    | sentinel: actually since borgs maybe not
  6422 | Dis:6    | Learned a level 8 spell: Borgnjor's Revivification
  6429 | Dis:7    | Entered Level 7 of the Iron City of Dis
  6450 | Dis:7    | Noticed a caustic shrike
  6452 | Dis:7    | Noticed a caustic shrike
  6452 | Dis:7    | Killed a caustic shrike
  6454 | Dis:7    | Killed a caustic shrike
  6474 | Dis:7    | Noticed a juggernaut
  6474 | Dis:7    | Noticed a caustic shrike
  6477 | Dis:7    | Killed a caustic shrike
  6477 | Dis:7    | Killed a juggernaut
  6480 | Dis:7    | Noticed a caustic shrike
  6480 | Dis:7    | Noticed a caustic shrike
  6480 | Dis:7    | Noticed a caustic shrike
  6480 | Dis:7    | Noticed a caustic shrike
  6481 | Dis:7    | Noticed a caustic shrike
  6483 | Dis:7    | Killed a caustic shrike
  6483 | Dis:7    | Killed a caustic shrike
  6485 | Dis:7    | Killed a caustic shrike
  6486 | Dis:7    | Killed a caustic shrike
  6488 | Dis:7    | Killed a caustic shrike
  6516 | Dis:7    | Noticed a caustic shrike
  6517 | Dis:7    | Killed a caustic shrike
  6524 | Dis:7    | Sapher: ehh...i had to check door?
  6524 | Dis:7    | Sapher: oops
  6524 | Dis:7    | Sapher: no
  6524 | Dis:7    | Sapher: i see
  6539 | Dis:7    | Noticed a caustic shrike
  6543 | Dis:7    | Killed a caustic shrike
  6578 | Dis:7    | Found the +4 staff of Dispater
  6578 | Dis:7    | Noticed Dispater
  6595 | Dis:7    | Killed Dispater
  6604 | Dis:7    | Identified the +6 spear of Conflict {protect, rF- rCorr
                  | Int+3}
  6607 | Dis:7    | aesen: 99%
  6607 | Dis:7    | aesen: castable
  6607 | Dis:7    | Got an iron rune of Zot
  6609 | Dis:7    | Identified the +7 morningstar of Wounding {vorpal, rElec}
  6625 | Dis:7    | Sapher: nah, i have sumons
  6634 | Dis:7    | Sapher: ehh
  6634 | Dis:7    | aesen: rip
  6634 | Dis:7    | Sapher: did i just do that
  6634 | Dis:7    | aesen: its over
  6670 | Hell     | Found a gateway to the freezing wastes of Cocytus.
  6679 | Coc:1    | Entered Level 1 of Cocytus
  6736 | Coc:4    | Noticed a shard shrike
  6736 | Coc:4    | Noticed a shard shrike
  6736 | Coc:4    | Noticed a shard shrike
  6740 | Coc:4    | Killed a shard shrike
  6740 | Coc:4    | Killed a shard shrike
  6741 | Coc:4    | Killed a shard shrike
  6774 | Coc:6    | Noticed a shard shrike
  6774 | Coc:6    | Noticed a shard shrike
  6776 | Coc:7    | Entered Level 7 of Cocytus
  6777 | Coc:7    | Sapher: yeayea....50/50 map
  6784 | Coc:7    | aesen: nargun is icy
  6784 | Coc:7    | aesen: weak to shatter)
  6789 | Coc:7    | Sapher: too far i guess
  6790 | Coc:7    | sentinel: yeah tele again is good
  6790 | Coc:7    | aesen: do you want to land in water
  6792 | Coc:7    | sentinel: he wants to land on the rune
  6793 | Coc:7    | Noticed a shard shrike
  6793 | Coc:7    | Noticed a shard shrike
  6794 | Coc:7    | aesen: wouldnt stat form guarantee to land on ground
  6796 | Coc:7    | aesen: bcuz no fly
  6796 | Coc:7    | Noticed a shard shrike
  6797 | Coc:7    | Killed a shard shrike
  6797 | Coc:7    | Killed a shard shrike
  6797 | Coc:7    | Noticed a shard shrike
  6798 | Coc:7    | Sapher: this may work
  6801 | Coc:7    | Noticed a shard shrike
  6802 | Coc:7    | Killed a shard shrike
  6803 | Coc:7    | aesen: who needs shatter
  6803 | Coc:7    | aesen: when you can just land on rune
  6803 | Coc:7    | Sapher: it's 50/50
  6805 | Coc:7    | Killed a shard shrike
  6806 | Coc:7    | Killed a shard shrike
  6813 | Coc:7    | Noticed a shard shrike
  6816 | Coc:7    | Sapher: yeayea
  6816 | Coc:7    | Sapher: apport value
  6816 | Coc:7    | Killed a shard shrike
  6817 | Coc:7    | Noticed Antaeus
  6817 | Coc:7    | Found the dreamshard necklace {*Dream Drain}
  6823 | Coc:7    | sentinel: use pog
  6824 | Coc:7    | sentinel: could still be at entrance
  6824 | Coc:7    | Got an icy rune of Zot
  6827 | Coc:7    | sentinel: too easy
  6827 | Coc:7    | aesen: lol
  6827 | Coc:7    | Noticed a shard shrike
  6832 | Hell     | sentinel: I did basically the same in my run is coc
  6832 | Hell     | sentinel: in*
  6832 | Hell     | Sapher: yea, zig was done not for nothing
  6832 | Hell     | Sapher: i have tele scrolls
  6832 | Hell     | Sapher: break
  6871 | Hell     | Found a gateway to the decaying netherworld of Tartarus.
  6878 | Tar:1    | Entered Level 1 of Tartarus
  6924 | Tar:3    | sentinel: the real shatter value
  6965 | Tar:3    | You fall into a shaft and drop 2 floors!
  6966 | Tar:5    | sentinel: the luck
  6966 | Tar:5    | Sapher: yea)
  7010 | Tar:7    | Entered Level 7 of Tartarus
  7011 | Tar:7    | Sapher: new luck test
  7011 | Tar:7    | Sapher: 1 out of 4
  7022 | Tar:7    | Sapher: ehh
  7022 | Tar:7    | Sapher: wrong direction
  7022 | Tar:7    | Sapher: yea, a bit stupid play
  7070 | Tar:7    | aesen: nice corpses
  7097 | Tar:7    | Noticed Ereshkigal
  7100 | Tar:7    | Killed Ereshkigal
  7109 | Tar:7    | aesen: ez
  7109 | Tar:7    | sentinel: see
  7109 | Tar:7    | sentinel: too lucky
  7111 | Tar:7    | Got a bone rune of Zot
  7165 | Hell     | Found a gateway to the ashen valley of Gehenna.
  7174 | Geh:1    | Entered Level 1 of Gehenna
  7175 | Geh:1    | Sapher: oh
  7175 | Geh:1    | Sapher: it's that one
  7175 | Geh:1    | Sapher: the long road
  7175 | Geh:1    | Sapher: of beafy units
  7190 | Geh:1    | Reached skill level 15 in Conjurations
  7197 | Geh:1    | Noticed a juggernaut
  7199 | Geh:1    | Killed a juggernaut
  7202 | Geh:1    | Noticed a juggernaut
  7206 | Geh:1    | Killed a juggernaut
  7223 | Geh:1    | aesen: 0.29 moment
  7224 | Geh:1    | aesen: screen full of simus
  7241 | Geh:2    | Sapher: hmm
  7241 | Geh:2    | Sapher: is that a stairs vault
  7241 | Geh:2    | aesen: i dont think so?
  7241 | Geh:2    | aesen: unsure
  7241 | Geh:2    | Sapher: no idea...i guess i'll explore
  7241 | Geh:2    | Sapher: not gonna wizmode
  7243 | Geh:2    | aesen: clearly wizmode only worth it on runs with shatter
                  | and apport
  7243 | Geh:2    | Sapher: ))
  7254 | Geh:2    | Sapher: it's too many of them
  7254 | Geh:2    | Sapher: i'm pretty sure it's there
  7266 | Geh:2    | Sapher: shatter value
  7266 | Geh:2    | Sapher: could have been...
  7267 | Geh:2    | aesen: shatter -1000 turns
  7271 | Geh:3    | sentinel: shatter could have saved like 200-300 turns maybe
  7277 | Geh:3    | Sapher: again
  7277 | Geh:3    | Sapher: this straight wall
  7277 | Geh:3    | aesen: with lava(?) on the other side
  7286 | Geh:3    | aesen: salamander tyrant... ender of runs...
  7316 | Geh:3    | aesen: wew
  7320 | Geh:4    | You fall into a shaft and drop 1 floor!
  7328 | Geh:5    | Found a runed translucent gate.
  7331 | Geh:5    | Found a runed translucent gate.
  7334 | Geh:5    | Found a runed translucent gate.
  7334 | Geh:5    | Found a runed translucent gate.
  7334 | Geh:5    | Found a runed translucent gate.
  7334 | Geh:5    | Found a runed translucent gate.
  7334 | Geh:5    | Found a runed translucent gate.
  7335 | Geh:5    | Found a runed translucent gate.
  7335 | Geh:5    | Found a runed translucent gate.
  7336 | Geh:5    | Found a runed translucent gate.
  7336 | Geh:5    | Found a runed translucent gate.
  7336 | Geh:5    | Found a runed translucent gate.
  7337 | Geh:5    | sentinel: hah this vault
  7339 | Geh:5    | aesen: joy
  7340 | Geh:5    | Noticed an ancient lich
  7358 | Geh:7    | Entered Level 7 of Gehenna
  7359 | Geh:7    | Sapher: again 50/50
  7359 | Geh:7    | Sapher: oh
  7359 | Geh:7    | Sapher: rnd tele won't work
  7359 | Geh:7    | aesen: time for controlled tele
  7384 | Geh:7    | Noticed the Serpent of Hell
  7385 | Geh:7    | aesen: serpent of fun
  7392 | Geh:7    | Sapher: those fireballs hurt too much my summons
  7410 | Geh:7    | Killed the Serpent of Hell
  7411 | Geh:7    | Sapher: 100 turns for that unique
  7476 | Geh:7    | sentinel: this is also shatter value vault right?
  7476 | Geh:7    | Sapher: yeayea
  7501 | Geh:7    | sentinel: 1/2 rng test
  7501 | Geh:7    | Sapher: i am pretty sure i am wrong here
  7501 | Geh:7    | aesen: no beem to... you know the drill
  7509 | Geh:7    | sentinel: you could disto
  7511 | Geh:7    | sentinel: and read in abyss
  7557 | Geh:7    | Sapher: ^_^
  7583 | Geh:7    | sentinel: no flight?
  7583 | Geh:7    | Sapher: i don't belive in tele
  7583 | Geh:7    | Sapher: i have
  7583 | Geh:7    | sentinel: just go outisde
  7583 | Geh:7    | Sapher: nah, no bvc there
  7641 | Geh:7    | Found the +7 sceptre of Asmodeus
  7641 | Geh:7    | Noticed Asmodeus
  7643 | Geh:7    | aesen: 'smodeus
  7653 | Geh:7    | Killed Asmodeus
  7654 | Geh:7    | Got an obsidian rune of Zot
  7722 | Hell     | sentinel: 8351
  7722 | Hell     | sentinel: was previous record
  7722 | Hell     | Sapher: yea, -500
  7722 | Hell     | Sapher: no shatter and apport
  7724 | Hell     | aesen: clearly room for improvement smh
  7740 | Depths:4 | aesen: do you think shapeshifting would be faster?
  7740 | Depths:4 | Sapher: sure, that run is not optimized
  7740 | Depths:4 | sentinel: sapher said it could save 200 turns
  7740 | Depths:4 | Sapher: almost any version can be better
  7740 | Depths:4 | sentinel: due to not recasting
  7740 | Depths:4 | Sapher: i said 100
  7740 | Depths:4 | sentinel: ok
  7743 | Depths:4 | sentinel: but 0.29 is very good due to kiku being very
                  | consistent
  7748 | Depths:4 | Noticed a caustic shrike
  7748 | Depths:4 | Noticed a caustic shrike
  7748 | Depths:4 | Noticed a caustic shrike
  7748 | Depths:4 | Noticed a caustic shrike
  7748 | Depths:4 | sentinel: if I didn't do chei
  7748 | Depths:4 | sentinel: but kiku
  7750 | Depths:4 | sentinel: with all my attempts I would likely have a better
                  | run if not have broken the record
  7751 | Depths:4 | Killed a caustic shrike
  7751 | Depths:4 | Killed a caustic shrike
  7752 | Depths:4 | Killed a caustic shrike
  7754 | Depths:4 | Killed a caustic shrike
  7757 | Depths:4 | aesen: simply change legal name to sapher to get all the
                  | luck
  7759 | Depths:4 | aesen: apport, gg
  7759 | Depths:4 | sentinel: nice
  7767 | Depths:4 | Learned a level 1 spell: Apportation
  7767 | Depths:4 | aesen: run is saved
  7782 | Depths:4 | Found a gate to the Realm of Zot.
  7784 | Depths:4 | sentinel: i guess apport would have saved less time than
                  | shatter if found in the middle of the run
  7785 | Depths:4 | sentinel: but more if at the start
  7792 | Depths:4 | aesen: no eyes to para...
  7792 | Zot:1    | Entered Level 1 of the Realm of Zot
  7797 | Zot:1    | sentinel: shatter value
  7797 | Zot:1    | Sapher: yeayea
  7797 | Zot:1    | aesen: lol
  7812 | Zot:1    | Sapher: ehh
  7812 | Zot:1    | sentinel: clutch?
  7812 | Zot:1    | Sapher: bvc doesn't work?
  7812 | Zot:1    | aesen: ignition spam
  7816 | Zot:1    | Sapher: and 1 simu
  7816 | Zot:1    | Sapher: how do i kill next
  7816 | Zot:1    | sentinel: just wretch
  7816 | Zot:1    | sentinel: oh in gates
  7816 | Zot:1    | 1n5z: use hatch maybe?
  7816 | Zot:1    | sentinel: try bvc anyway
  7816 | Zot:1    | Sapher: it didn't work
  7816 | Zot:1    | Sapher: shatter value
  7816 | Zot:1    | Sapher: igni spam
  7816 | Zot:1    | Sapher: the only option
  7816 | Zot:1    | sentinel: or just ignore
  7816 | Zot:1    | aesen: )
  7835 | Zot:1    | Sapher: even rf
  7835 | Zot:1    | aesen: nvm
  7835 | Zot:1    | sentinel: check vc again
  7835 | Zot:1    | sentinel: bvc
  7852 | Zot:2    | sentinel: that leads to stairs down I think
  7853 | Zot:2    | Sapher: yeayea
  7853 | Zot:2    | sentinel: look that vault does do it
  7853 | Zot:2    | sentinel: but another placed which stole the stairs
  7853 | Zot:2    | sentinel: it has fountains instead of stairs now
  7876 | Zot:2    | Noticed a Killer Klown
  7877 | Zot:2    | Noticed a Killer Klown
  7881 | Zot:2    | Killed a Killer Klown
  7885 | Zot:2    | Killed a Killer Klown
  7889 | Zot:2    | sentinel: also ignition>shatter
  7891 | Zot:2    | sentinel: im pretty sure there would be struggle if you
                  | didn't have ignition
  7891 | Zot:2    | sentinel: like sergey
  7922 | Zot:4    | sentinel: time for another exploration shaft
  7922 | Zot:4    | Sapher: too late for blink
  7922 | Zot:4    | sentinel: i think you would save more
  7922 | Zot:4    | sentinel: just apport
  7927 | Zot:4    | Learned a level 2 spell: Blink
  7945 | Zot:5    | Entered Level 5 of the Realm of Zot
  7946 | Zot:5    | sentinel: shatter value?
  7946 | Zot:5    | aesen: lol
  7951 | Zot:5    | aesen: LOL
  7951 | Zot:5    | Sapher: ^_^
  7954 | Zot:5    | aesen: cool stairs
  7986 | Zot:5    | Sapher: blink value
  7986 | Zot:5    | Noticed a dread lich
  7986 | Zot:5    | Noticed a dread lich
  7987 | Zot:5    | sentinel: blink can't place you on allies
  7988 | Zot:5    | sentinel: that's a tech
  7988 | Zot:5    | sentinel: never thought about that
  7992 | Zot:5    | Killed a dread lich
  7993 | Zot:5    | Reached skill level 27 in Fighting
  7995 | Zot:5    | Killed a dread lich
  8002 | Zot:5    | Noticed a Killer Klown
  8003 | Zot:5    | Noticed a Killer Klown
  8006 | Zot:5    | Killed a Killer Klown
  8015 | Zot:5    | Killed a Killer Klown
  8015 | Zot:5    | Noticed an orb of fire
  8020 | Zot:5    | Killed an orb of fire
  8023 | Zot:5    | Noticed a Killer Klown
  8023 | Zot:5    | Noticed a Killer Klown
  8023 | Zot:5    | Noticed a Killer Klown
  8028 | Zot:5    | sentinel: wretches for scarab
  8038 | Zot:5    | Killed a Killer Klown
  8039 | Zot:5    | Killed a Killer Klown
  8039 | Zot:5    | Killed a Killer Klown
  8056 | Zot:5    | aesen: 0.29 moment
  8057 | Zot:5    | Got the Orb of Zot
  8058 | Zot:5    | sentinel: 8669
  8058 | Zot:5    | Sapher: -600, oh
  8058 | Zot:5    | Sapher: it'll be -500 in the end ^_^
  8104 | Zot:5    | Sapher: ehh
  8104 | Zot:5    | Sapher: blink
  8138 | Zot:2    | sentinel: blink already saved you more turns than it cost
                  | to get
  8139 | Zot:2    | Identified the +4 ring mail of the Seven Prophets {rC+
                  | rCorr}
  8155 | Zot:2    | Sapher: yea
  8165 | Zot:1    | aesen: lol
  8186 | Zot:1    | Noticed Hewobus the pandemonium lord
  8188 | Zot:1    | Killed Hewobus the pandemonium lord
  8222 | Depths:4 | Noticed Qeucriot the pandemonium lord
  8226 | Depths:3 | sentinel: that level would be bad without map
  8347 | D:12     | aesen: would be funny if annihilations book was on d:1
  8347 | D:13     | Sapher: nah, i don't belive
  8458 | D:7      | Found a shimmering altar of Xom.
  8512 | D:4      | sentinel: with this you most likely also take the aut
                  | record
  8514 | D:3      | sentinel: at least i had that
  8514 | D:3      | sentinel: now i have nothing
  8514 | D:3      | Sapher: ^_^
  8547 | D:1      | Found a faded altar of an unknown god.
  8548 | D:1      | sentinel: check the god
  8552 | D:1      | aesen: lol
  8565 | D:1      | sentinel: 9017
  8566 | D:1      | aesen: gg
  8566 | D:1      | sentinel: gg
  8566 | D:1      | Sapher: gg
  8567 | D:$      | Escaped with the Orb!

Illustrated notes

Levels and vault maps discovered:
D:1:      lightli_arrival_isolated_outpost, layout_loops_ring,
          basic_ecumenical_altar
D:2:      layout_basic, basic_altar, chequers_avenue, kennysheep_donut
D:3:      layout_loops_cross, serial_undead, serial_undead_e, serial_undead_d,
          serial_undead_f, serial_undead_a, minmay_fractal_squares_diagonal_5
D:4:      layout_basic, minmay_temple_entry_overgrown,
          hellmonk_ghost_happy_afterlife, minmay_misc_feat_five
D:5:      layout_gridville
D:6:      layout_gridville, minmay_circle_x, uniq_pikel
D:7:      layout_loops_corners, nicolae_ru_great_annihilating_truth,
          overflow_temple_1_default
D:8:      layout_basic, chequers_temple_overflow_statue_of_worship,
          lair_entry_dummy, enter_bailey_4, uniq_prince_ribbit1
D:9:      layout_basic, uniq_joseph
D:10:     layout_grid_maze, amethyst_overflow_temple_binary, orc_0_dummy,
          dilly_guarded_unrand_elemental_staff, uniq_erica, uniq_gastronok
D:11:     layout_cross, maelrawn_ghost_gauntlet_escape, uniq_maurice
D:12:     layout_basic, nicolae_dithmenos_the_darkroom, uniq_snorg, uniq_nessos
D:13:     layout_small_grid
D:14:     layout_loops_ring, erik_vaults_2, minmay_misc_feat_chi,
          nicolae_shop_clearance
D:15:     hangedman_depths_entry_try_elsewhere_first, layout_loops_corners,
          dpeg_stationary_puzzle
Temple:   nicolae_temple_bog_church
Lair:1:   layout_concentric_octagons, ebering_ghost_rock_garden,
          minmay_hedge_maze, lemuel_fruit_tree, serial_bayou_shore_b,
          grunt_megastairs_2, serial_bayou_shore_b, lemuel_fruit_fields,
          uniq_maggie, uniq_harold, uniq_amaemon
Lair:2:   layout_cave_pods, ebering_ghost_xom, st_stairs_10, grunt_megastairs_5
Lair:3:   layout_cave_shapes, nicolae_swamp_entry_splash_gauntlet,
          spider_nest_entry_webs, wad_woods_river_01, grunt_megastairs_3
Lair:4:   layout_loops_ring, dpeg_slime_entry_enclosed, basic_altar,
          hangedman_lair_unloving_vines, st_stairs_5,
          infiniplex_staircase_pool_2
Swamp:1:  layout_basic_swamp, hangedman_swamp_ruin_hall,
          infiniplex_staircase_pool
Swamp:2:  layout_basic_swamp, nicolae_swamp_ascending_descending, swamp_pool1
Swamp:3:  layout_falls_marsh, portal_ice_cave_entry_ice_statue_two,
          evilmike_swamp_ruin_house_4
Swamp:4:  swamp, layout_basic_swamp, swamp_pool4
Spider:1: layout_cave_pods, uniq_jorgrun
Spider:2: nicolae_orb_stairs_large, uniq_arachne, uniq_louise, uniq_aizul
Spider:3: layout_spider_delve
Spider:4: grunt_spider_rune_circles, dreamdust_wasp_nest
Slime:1:  layout_caves
Slime:2:  layout_caves
Slime:3:  layout_caves, dissolution_awaits
Slime:4:  layout_caves
Slime:5
Vaults:1: portal_desolation_entry_salt, vaults_room_corners,
          hangedman_vaults_pinch, nicolae_vaults_little_squares_2,
          vaults_room_grunt_arrival_ludios, ontoclasm_vaults_idyll,
          layout_vaults_omnigrid
Vaults:2: serial_ice_g, v_misc_16, nicolae_vaults_circle_grid_a,
          grunt_vaults_trifunnel, nicolae_vaults_border_crossing,
          vaults_dpeg_emergency_exit, v_pattern_3, v_alt_pattern_6,
          nicolae_vaults_triangles, ontoclasm_vaults_claustrophobia,
          minmay_crypt_entry_nasty_monster, nicolae_vaults_angled_halls,
          nicolae_vaults_mini_display_case, layout_vaults_maze, serial_shops,
          shop_fountains, uniq_boris
Vaults:3: nicolae_vaults_what_the_h, v_misc_5, vaults_room_stairs_pillars,
          grunt_vaults_diagonal, hangedman_vaults_capsules,
          vaults_room_door_ring, vaults_mumra_chevron, vaults_dpeg_encased_lava,
          layout_vaults_chaotic_city, serial_glass, serial_shops,
          bzr_entry_islet
Vaults:4: vaults_dpeg_hooks, vaults_dpeg_ring, special_room_vaults
          [special_room_orc], v_alt_pattern_4, v_misc_15, vaults_room_pool,
          grunt_vaults_twisty, vaults_mumra_minichess, v_pattern_2,
          layout_vaults_omnicross
Vaults:5: serial_shops
Crypt:1:  minmay_skeleton_keep, layout_basic, grunt_crypt_arrival_split,
          uniq_saint_roka
Crypt:2:  layout_misc_corridors
Crypt:3:  lightli_unholy_cathedral, layout_chaotic_city,
          nicolae_tomb_entry_unfolded_pyramid_orthogonal, grunt_ministairs_6,
          st_stairs_12, nicolae_crypt_knee_deep_in_the_dead, uniq_margery
Tomb:1
Tomb:2
Tomb:3
Depths:1: layout_cave_pools, serial_sigils_hangedman_carve, hell_entry,
          onia_ninara_cookie, firewood_loft
Depths:2: minmay_the_grid_four_pointed_star_mashed
          [minmay_the_grid_triangle_9x9_sprig,
          minmay_the_grid_triangle_9x9_corruption,
          minmay_the_grid_triangle_9x9_impossible_snake,
          minmay_the_grid_triangle_9x9_stretched_checkered,
          minmay_the_grid_prize_diamond_cup], layout_gridlike, hell_entry,
          grunt_pan_entry_in_and_out, minmay_misc_feat_cross
Depths:3: dreamdust_experimentation, layout_basic, enter_ziggurat_e,
          good_gods_temple_1, abyss_entry, grunt_hell_entry_dis_mu,
          minmay_staircase_windowed_small, uniq_vv
Depths:4: grunt_zot_entry_funnels, layout_basic, chequers_serial_rivers_micro_e,
          serial_sigils, serial_sigils_hangedman_scratch,
          serial_sigils_hangedman_confine, serial_sigils_hangedman_scar,
          serial_sigils_hangedman_clutch, serial_sigils_hangedman_gnaw,
          pf_coc_iceberg, nicolae_uskayaw_murder_on_the_dancefloor,
          uniq_josephina
Hell
Dis:1:    layout_gridville
Dis:2:    layout_regular_city
Dis:3:    layout_overlapping_boxes
Dis:4:    layout_regular_city, evilmike_ambush [evilmike_ambush_outer_basic,
          evilmike_ambush_inner_basic]
Dis:5:    layout_subdivisions
Dis:6:    layout_gridville, nicolae_dis_strange_trophy_room
Dis:7:    dis_grunt_layers
Geh:1:    nicolae_hells_titanomachy
Geh:2:    nicolae_hells_demon_pit, layout_gehenna_pools_basic
Geh:3:    nicolae_geh_i_lava_good_maze [nicolae_geh_lavamaze_orthhalf_recurse,
          nicolae_geh_lavamaze_orthhalf_recurse]
Geh:4:    layout_gehenna_lava_caves
Geh:5:    layout_gehenna_pools_box, nicolae_geh_backdraft
Geh:6:    layout_gehenna_lava_caves
Geh:7:    geh_hangedman
Coc:1:    layout_cocytus_water_paths
Coc:2:    layout_cocytus_delve
Coc:3:    nicolae_coc_bergin, layout_cocytus_water_paths
Coc:4:    nicolae_coc_hellspring, layout_ice_bergs
Coc:5:    layout_cocytus_water_paths
Coc:6:    layout_cocytus_water_paths
Coc:7:    coc_grunt
Tar:1:    layout_grid_maze, nicolae_tar_combbox
Tar:2:    layout_grid_maze, nicolae_tar_cuneiform_bird
Tar:3:    layout_honeycomb, lemuel_nasty_fountain
Tar:5:    layout_cathedral_of_symmetry
Tar:6:    layout_cathedral_of_symmetry
Tar:7:    tar_grunt_cathedral
Zot:1:    lemuel_draconian_sentries, layout_onion_interference
Zot:2:    grunt_zot_stairs_faceoff, layout_misc_corridors,
          gammafunk_ghost_grave, grunt_megastairs_4
Zot:3:    layout_twisted_circle
Zot:4:    dreamdust_zin_vs_xom, layout_twisted_circle
Zot:5:    layout_gridlike, ebering_ghost_gozag

Skill      XL: |  1  2  3  4  5  6  7  8  9 10 11 12 13 14 15 16 17 18 19 20 21 22 23 24 25 26 27 |
---------------+----------------------------------------------------------------------------------+-----
Spellcasting   | 3 4 5 6 7 9 10 12 15 16 19 21 22 23 24 27 | 27.0
Earth Magic    | 4 5 7 8 9 10 11 13 15 18 | 18.0
Conjurations   | 1 3 4 11 18 | 18.8
Evocations     | 3 4 |  4.9
Necromancy     | 4 8 11 13 16 18 20 21 | 21.0
Throwing       | 3 4 8 16 | 16.3
Translocations | 4 8 12 | 12.0
Ice Magic      | 7 10 11 | 11.0
Fighting       | 4 5 7 27 | 27.0
Dodging        | 6 7 10 11 13 21 | 21.8
Transmutations | 8 10 12 | 12.0
Unarmed Combat | 3 6 10 | 10.0
Fire Magic     | 6 12 13 14 19 | 19.1
Shields        | 5 |  5.0
Stealth        | |  1.4

Action                   |  1- 3 |  4- 6 |  7- 9 | 10-12 | 13-15 | 16-18 | 19-21 | 22-24 | 25-27 || total
-------------------------+-------+-------+-------+-------+-------+-------+-------+-------+-------++-------
Melee: Unarmed           |     9 |       |     2 |       |       |     2 |       |       |       ||    13
       Staff             |       |       |       |       |       |       |     2 |       |       ||     2
Throw: Dart              |       |       |     7 |     8 |       |       |       |       |       ||    15
       Boomerang         |       |       |     3 |       |       |       |       |       |    13 ||    16
 Cast: Sandblast         |    20 |    42 |    54 |    40 |     1 |       |       |       |       ||   157
       Passwall          |     1 |     6 |    19 |    15 |       |    11 |       |       |    72 ||   124
       Stone Arrow       |       |     4 |    24 |    57 |     8 |     7 |     2 |       |       ||   102
       Animate Dead      |       |       |       |     5 |     3 |     2 |     3 |       |       ||    13
       Passage of Golubr |       |       |       |     7 |    19 |   146 |    72 |    26 |   439 ||   709
       Simulacrum        |       |       |       |    15 |    44 |    82 |    28 |    14 |   156 ||   339
       Borgnjor's Vile C |       |       |       |     7 |    17 |    52 |    55 |    25 |   175 ||   331
       Statue Form       |       |       |       |       |     2 |    12 |    12 |     6 |    53 ||    85
       Infestation       |       |       |       |       |       |     7 |    31 |    16 |    80 ||   134
       Death Channel     |       |       |       |       |       |       |     6 |     7 |    34 ||    47
       Irradiate         |       |       |       |       |       |       |     4 |     5 |    30 ||    39
       Necromutation     |       |       |       |       |       |       |     2 |     2 |     9 ||    13
       Lehudib's Crystal |       |       |       |       |       |       |       |     4 |    67 ||    71
       Ignition          |       |       |       |       |       |       |       |     5 |   120 ||   125
       Blink             |       |       |       |       |       |       |       |       |    12 ||    12
       Apportation       |       |       |       |       |       |       |       |       |     2 ||     2
Invok: Unearth Wretches  |       |       |       |     3 |     6 |     6 |    10 |    12 |    41 ||    78
       Receive Forbidden |       |       |       |       |       |     1 |       |       |       ||     1
       Torment           |       |       |       |       |       |     1 |       |       |       ||     1
 Abil: End Transformatio |       |       |       |       |       |     2 |     2 |     2 |     5 ||    11
Evoke: Wand              |       |       |     7 |    11 |       |     5 |     1 |     2 |     3 ||    29
       Box of beasts     |       |       |       |     1 |       |     1 |       |       |       ||     2
       Condenser vane    |       |       |       |       |     1 |     2 |       |       |     2 ||     5
       Figurine of a zig |       |       |       |       |       |       |       |     1 |       ||     1
  Use: Potion            |     1 |     1 |     2 |     3 |       |     5 |     1 |     2 |    13 ||    28
       Scroll            |       |     6 |     3 |    11 |     1 |    10 |     6 |     6 |    36 ||    79
Armor: Robe              |     7 |     5 |    11 |       |       |       |       |       |       ||    23
       Skin              |       |       |    16 |       |    29 |   303 |   127 |    56 |   720 ||  1251
       Leather armour    |       |       |       |    47 |    12 |    29 |    12 |     6 |    88 ||   194
Dodge: Dodged            |     8 |    18 |    22 |    59 |    18 |   289 |   140 |    65 |   896 ||  1515
Block: Buckler           |       |       |     7 |    13 |     4 |    58 |    48 |    20 |   418 ||   568
       Reflection        |       |       |       |       |       |       |       |       |    33 ||    33
